Workbook
Name ENTE_PUBLICO: '[1]Info General'!$C$6

Sheet Formato 1
A1: Formato 1 Estado de Situación Financiera Detallado - LDF
A2: COMISION MUNICIPAL DEL DEPORTE DE DR MORA, GTO
A3: Estado de Situación Financiera Detallado - LDF
A4: AL 31 DE DICIEMBRE DE 2024 Y AL 31 DE DICIEMBRE DEL 2025
A5: (PESOS)
A6: Concepto (c) | B6: 2025 (d) | C6: 31 de diciembre de 2024 (e) | D6: Concepto (c) | E6: 2025 (d) | F6: 31 de diciembre de 2024 (e)
A7: ACTIVO | D7: PASIVO
A8: Activo Circulante | D8: Pasivo Circulante
A9: a. Efectivo y Equivalentes (a=a1+a2+a3+a4+a5+a6+a7) | B9: =SUM(B10:B16) -> 121510.51 | C9: =SUM(C10:C16) -> 88509.96 | D9: a. Cuentas por Pagar a Corto Plazo (a=a1+a2+a3+a4+a5+a6+a7+a8+a9) | E9: =SUM(E10:E18) -> 270890.34 | F9: =SUM(F10:F18) -> 198593.46
A10: a1) Efectivo | B10: 0 | C10: 0 | D10: a1) Servicios Personales por Pagar a Corto Plazo | E10: -71098.19 | F10: -71098.19
A11: a2) Bancos/Tesorería | B11: 105192.79 | C11: 72192.24 | D11: a2) Proveedores por Pagar a Corto Plazo | E11: 63410.43 | F11: 3314.14
A12: a3) Bancos/Dependencias y Otros | B12: 0 | C12: 0 | D12: a3) Contratistas por Obras Públicas por Pagar a Corto Plazo | E12: 0 | F12: 0
A13: a4) Inversiones Temporales (Hasta 3 meses) | B13: 0 | C13: 0 | D13: a4) Participaciones y Aportaciones por Pagar a Corto Plazo | E13: 0 | F13: 0
A14: a5) Fondos con Afectación Específica | B14: 0 | C14: 0 | D14: a5) Transferencias Otorgadas por Pagar a Corto Plazo | E14: 0 | F14: 0
A15: a6) Depósitos de Fondos de Terceros en Garantía y/o Administración | B15: 0 | C15: 0 | D15: a6) Intereses, Comisiones y Otros Gastos de la Deuda Pública por Pagar a Corto Plazo | E15: 0 | F15: 0
A16: a7) Otros Efectivos y Equivalentes | B16: 16317.72 | C16: 16317.72 | D16: a7) Retenciones y Contribuciones por Pagar a Corto Plazo | E16: 278578.1 | F16: 266377.51
A17: b. Derechos a Recibir Efectivo o Equivalentes (b=b1+b2+b3+b4+b5+b6+b7) | B17: =SUM(B18:B24) -> 1655.5 | C17: =SUM(C18:C24) -> 1655.5 | D17: a8) Devoluciones de la Ley de Ingresos por Pagar a Corto Plazo | E17: 0 | F17: 0
A18: b1) Inversiones Financieras de Corto Plazo | B18: 0 | C18: 0 | D18: a9) Otras Cuentas por Pagar a Corto Plazo | E18: 0 | F18: 0
A19: b2) Cuentas por Cobrar a Corto Plazo | B19: 0 | C19: 0 | D19: b. Documentos por Pagar a Corto Plazo (b=b1+b2+b3) | E19: =SUM(E20:E22) -> 0 | F19: =SUM(F20:F22) -> 0
A20: b3) Deudores Diversos por Cobrar a Corto Plazo | B20: 1655.5 | C20: 1655.5 | D20: b1) Documentos Comerciales por Pagar a Corto Plazo | E20: 0 | F20: 0
A21: b4) Ingresos por Recuperar a Corto Plazo | B21: 0 | C21: 0 | D21: b2) Documentos con Contratistas por Obras Públicas por Pagar a Corto Plazo | E21: 0 | F21: 0
A22: b5) Deudores por Anticipos de la Tesorería a Corto Plazo | B22: 0 | C22: 0 | D22: b3) Otros Documentos por Pagar a Corto Plazo | E22: 0 | F22: 0
A23: b6) Préstamos Otorgados a Corto Plazo | B23: 0 | C23: 0 | D23: c. Porción a Corto Plazo de la Deuda Pública a Largo Plazo (c=c1+c2) | E23: =E24+E25 -> 0 | F23: =F24+F25 -> 0
A24: b7) Otros Derechos a Recibir Efectivo o Equivalentes a Corto Plazo | B24: 0 | C24: 0 | D24: c1) Porción a Corto Plazo de la Deuda Pública | E24: 0 | F24: 0
A25: c. Derechos a Recibir Bienes o Servicios (c=c1+c2+c3+c4+c5) | B25: =SUM(B26:B30) -> 0 | C25: =SUM(C26:C30) -> 0 | D25: c2) Porción a Corto Plazo de Arrendamiento Financiero | E25: 0 | F25: 0
A26: c1) Anticipo a Proveedores por Adquisición de Bienes y Prestación de Servicios a Corto Plazo | B26: 0 | C26: 0 | D26: d. Títulos y Valores a Corto Plazo | E26: 0 | F26: 0
A27: c2) Anticipo a Proveedores por Adquisición de Bienes Inmuebles y Muebles a Corto Plazo | B27: 0 | C27: 0 | D27: e. Pasivos Diferidos a Corto Plazo (e=e1+e2+e3) | E27: =SUM(E28:E30) -> 0 | F27: =SUM(F28:F30) -> 0
A28: c3) Anticipo a Proveedores por Adquisición de Bienes Intangibles a Corto Plazo | B28: 0 | C28: 0 | D28: e1) Ingresos Cobrados por Adelantado a Corto Plazo | E28: 0 | F28: 0
A29: c4) Anticipo a Contratistas por Obras Públicas a Corto Plazo | B29: 0 | C29: 0 | D29: e2) Intereses Cobrados por Adelantado a Corto Plazo | E29: 0 | F29: 0
A30: c5) Otros Derechos a Recibir Bienes o Servicios a Corto Plazo | B30: 0 | C30: 0 | D30: e3) Otros Pasivos Diferidos a Corto Plazo | E30: 0 | F30: 0
A31: d. Inventarios (d=d1+d2+d3+d4+d5) | B31: =SUM(B32:B36) -> 0 | C31: =SUM(C32:C36) -> 0 | D31: f. Fondos y Bienes de Terceros en Garantía y/o Administración a Corto Plazo (f=f1+f2+f3+f4+f5+f6) | E31: =SUM(E32:E37) -> 0 | F31: =SUM(F32:F37) -> 0
A32: d1) Inventario de Mercancías para Venta | B32: 0 | C32: 0 | D32: f1) Fondos en Garantía a Corto Plazo | E32: 0 | F32: 0
A33: d2) Inventario de Mercancías Terminadas | B33: 0 | C33: 0 | D33: f2) Fondos en Administración a Corto Plazo | E33: 0 | F33: 0
A34: d3) Inventario de Mercancías en Proceso de Elaboración | B34: 0 | C34: 0 | D34: f3) Fondos Contingentes a Corto Plazo | E34: 0 | F34: 0
A35: d4) Inventario de Materias Primas, Materiales y Suministros para Producción | B35: 0 | C35: 0 | D35: f4) Fondos de Fideicomisos, Mandatos y Contratos Análogos a Corto Plazo | E35: 0 | F35: 0
A36: d5) Bienes en Tránsito | B36: 0 | C36: 0 | D36: f5) Otros Fondos de Terceros en Garantía y/o Administración a Corto Plazo | E36: 0 | F36: 0
A37: e. Almacenes | B37: 0 | C37: 0 | D37: f6) Valores y Bienes en Garantía a Corto Plazo | E37: 0 | F37: 0
A38: f. Estimación por Pérdida o Deterioro de Activos Circulantes (f=f1+f2) | B38: =SUM(B39:B40) -> 0 | C38: =SUM(C39:C40) -> 0 | D38: g. Provisiones a Corto Plazo (g=g1+g2+g3) | E38: =SUM(E39:E41) -> 0 | F38: =SUM(F39:F41) -> 0
A39: f1) Estimaciones para Cuentas Incobrables por Derechos a Recibir Efectivo o Equivalentes | B39: 0 | C39: 0 | D39: g1) Provisión para Demandas y Juicios a Corto Plazo | E39: 0 | F39: 0
A40: f2) Estimación por Deterioro de Inventarios | B40: 0 | C40: 0 | D40: g2) Provisión para Contingencias a Corto Plazo | E40: 0 | F40: 0
A41: g. Otros Activos Circulantes (g=g1+g2+g3+g4) | B41: =SUM(B42:B45) -> 0 | C41: =SUM(C42:C45) -> 0 | D41: g3) Otras Provisiones a Corto Plazo | E41: 0 | F41: 0
A42: g1) Valores en Garantía | B42: 0 | C42: 0 | D42: h. Otros Pasivos a Corto Plazo (h=h1+h2+h3) | E42: =SUM(E43:E45) -> 0 | F42: =SUM(F43:F45) -> 0
A43: g2) Bienes en Garantía (excluye depósitos de fondos) | B43: 0 | C43: 0 | D43: h1) Ingresos por Clasificar | E43: 0 | F43: 0
A44: g3) Bienes Derivados de Embargos, Decomisos, Aseguramientos y Dación en Pago | B44: 0 | C44: 0 | D44: h2) Recaudación por Participar | E44: 0 | F44: 0
A45: g4) Adquisición con Fondos de Terceros | B45: 0 | C45: 0 | D45: h3) Otros Pasivos Circulantes | E45: 0 | F45: 0
A47: IA. Total de Activos Circulantes (IA = a + b + c + d + e + f + g) | B47: =B9+B17+B25+B31+B38+B41 -> 123166.01 | C47: =C9+C17+C25+C31+C38+C41 -> 90165.46 | D47: IIA. Total de Pasivos Circulantes (IIA = a + b + c + d + e + f + g + h) | E47: =E9+E19+E23+E26+E27+E31+E38+E42 -> 270890.34 | F47: =F9+F19+F23+F26+F27+F31+F38+F42 -> 198593.46
A49: Activo No Circulante | D49: Pasivo No Circulante
A50: a. Inversiones Financieras a Largo Plazo | B50: 0 | C50: 0 | D50: a. Cuentas por Pagar a Largo Plazo | E50: 0 | F50: 0
A51: b. Derechos a Recibir Efectivo o Equivalentes a Largo Plazo | B51: 0 | C51: 0 | D51: b. Documentos por Pagar a Largo Plazo | E51: 0 | F51: 0
A52: c. Bienes Inmuebles, Infraestructura y Construcciones en Proceso | B52: 0 | C52: 0 | D52: c. Deuda Pública a Largo Plazo | E52: 0 | F52: 0
A53: d. Bienes Muebles | B53: 54225.65 | C53: 54225.65 | D53: d. Pasivos Diferidos a Largo Plazo | E53: 0 | F53: 0
A54: e. Activos Intangibles | B54: 0 | C54: 0 | D54: e. Fondos y Bienes de Terceros en Garantía y/o en Administración a Largo Plazo | E54: 0 | F54: 0
A55: f. Depreciación, Deterioro y Amortización Acumulada de Bienes | B55: 0 | C55: 0 | D55: f. Provisiones a Largo Plazo | E55: 0 | F55: 0
A56: g. Activos Diferidos | B56: 0 | C56: 0
A57: h. Estimación por Pérdida o Deterioro de Activos no Circulantes | B57: 0 | C57: 0 | D57: IIB. Total de Pasivos No Circulantes (IIB = a + b + c + d + e + f) | E57: =SUM(E50:E55) -> 0 | F57: =SUM(F50:F55) -> 0
A58: i. Otros Activos no Circulantes | B58: 0 | C58: 0
D59: II. Total del Pasivo (II = IIA + IIB) | E59: =E47+E57 -> 270890.34 | F59: =F47+F57 -> 198593.46
A60: IB. Total de Activos No Circulantes (IB = a + b + c + d + e + f + g + h + i) | B60: =SUM(B50:B58) -> 54225.65 | C60: =SUM(C50:C58) -> 54225.65
D61: HACIENDA PÚBLICA/PATRIMONIO
A62: I. Total del Activo (I = IA + IB) | B62: =SUM(B47+B60) -> 177391.66 | C62: =SUM(C47+C60) -> 144391.11
D63: IIIA. Hacienda Pública/Patrimonio Contribuido (IIIA = a + b + c) | E63: =SUM(E64:E66) -> 0 | F63: =SUM(F64:F66) -> 0
D64: a. Aportaciones | E64: 0 | F64: 0
D65: b. Donaciones de Capital | E65: 0 | F65: 0
D66: c. Actualización de la Hacienda Pública/Patrimonio | E66: 0 | F66: 0
D68: IIIB. Hacienda Pública/Patrimonio Generado (IIIB = a + b + c + d + e) | E68: =SUM(E69:E73) -> -55688.31 | F68: =SUM(F69:F73) -> -66391.98
D69: a. Resultados del Ejercicio (Ahorro/ Desahorro) | E69: 10703.67 | F69: -69430.47
D70: b. Resultados de Ejercicios Anteriores | E70: -66391.98 | F70: 3038.49
D71: c. Revalúos | E71: 0 | F71: 0
D72: d. Reservas | E72: 0 | F72: 0
D73: e. Rectificaciones de Resultados de Ejercicios Anteriores | E73: 0 | F73: 0
D75: IIIC. Exceso o Insuficiencia en la Actualización de la Hacienda Pública/Patrimonio (IIIC=a+b) | E75: =E76+E77 -> 0 | F75: =F76+F77 -> 0
D76: a. Resultado por Posición Monetaria | E76: 0 | F76: 0
D77: b. Resultado por Tenencia de Activos no Monetarios | E77: 0 | F77: 0
D79: III. Total Hacienda Pública/Patrimonio (III = IIIA + IIIB + IIIC) | E79: =E63+E68+E75 -> -55688.31 | F79: =F63+F68+F75 -> -66391.98
D81: IV. Total del Pasivo y Hacienda Pública/Patrimonio (IV = II + III) | E81: =E59+E79 -> 215202.03 | F81: =F59+F79 -> 132201.48

Sheet Formato 2
A1: Formato 2 Informe Analítico de la Deuda Pública y Otros Pasivos - LDF
A2: ='Formato 1'!A2 -> COMISION MUNICIPAL DEL DEPORTE DE DR MORA, GTO
A3: Informe Analítico de la Deuda Pública y Otros Pasivos - LDF
A4: ='Formato 1'!A4 -> AL 31 DE DICIEMBRE DE 2024 Y AL 31 DE DICIEMBRE DEL 2025
A5: (PESOS)
A6: Denominación de la Deuda Pública y Otros Pasivos (c) | B6: Saldo al 31 de diciembre de 2024 (d) | C6: Disposiciones del Periodo (e) | D6: Amortizaciones del Periodo (f) | E6: Revaluaciones, Reclasificaciones y Otros Ajustes (g) | F6: Saldo Final del Periodo (h) h=d+e-f+g | G6: Pago de Intereses del Periodo (i) | H6: Pago de Comisiones y demás costos asociados durante el Periodo (j)
A8: 1. Deuda Pública (1=A+B) | B8: =B9+B13 -> 0 | C8: =C9+C13 -> 0 | D8: =D9+D13 -> 0 | E8: =E9+E13 -> 0 | F8: =F9+F13 -> 0 | G8: =G9+G13 -> 0 | H8: =H9+H13 -> 0
A9: A. Corto Plazo (A=a1+a2+a3) | B9: =SUM(B10:B12) -> 0 | C9: =SUM(C10:C12) -> 0 | D9: =SUM(D10:D12) -> 0 | E9: =SUM(E10:E12) -> 0 | F9: =SUM(F10:F12) -> 0 | G9: =SUM(G10:G12) -> 0 | H9: =SUM(H10:H12) -> 0
A10: a1) Instituciones de Crédito | B10: 0 | C10: 0 | D10: 0 | E10: 0 | F10: 0 | G10: 0 | H10: 0
A11: a2) Títulos y Valores | B11: 0 | C11: 0 | D11: 0 | E11: 0 | F11: 0 | G11: 0 | H11: 0
A12: a3) Arrendamientos Financieros | B12: 0 | C12: 0 | D12: 0 | E12: 0 | F12: 0 | G12: 0 | H12: 0
A13: B. Largo Plazo (B=b1+b2+b3) | B13: =SUM(B14:B16) -> 0 | C13: =SUM(C14:C16) -> 0 | D13: =SUM(D14:D16) -> 0 | E13: =SUM(E14:E16) -> 0 | F13: =SUM(F14:F16) -> 0 | G13: =SUM(G14:G16) -> 0 | H13: =SUM(H14:H16) -> 0
A14: b1) Instituciones de Crédito | B14: 0 | C14: 0 | D14: 0 | E14: 0 | F14: 0 | G14: 0 | H14: 0
A15: b2) Títulos y Valores | B15: 0 | C15: 0 | D15: 0 | E15: 0 | F15: 0 | G15: 0 | H15: 0
A16: b3) Arrendamientos Financieros | B16: 0 | C16: 0 | D16: 0 | E16: 0 | F16: 0 | G16: 0 | H16: 0
A18: 2. Otros Pasivos | B18: 210783.09 | F18: 233079.97
A20: 3. Total de la Deuda Pública y Otros Pasivos (3=1+2) | B20: =B8+B18 -> 210783.09 | C20: =C8+C18 -> 0 | D20: =D8+D18 -> 0 | E20: =E8+E18 -> 0 | F20: =F8+F18 -> 233079.97 | G20: =G8+G18 -> 0 | H20: =H8+H18 -> 0
A22: 4. Deuda Contingente 1 (Informativo) | B22: =SUM(B23:B25) -> 0 | C22: =SUM(C23:C25) -> 0 | D22: =SUM(D23:D25) -> 0 | E22: =SUM(E23:E25) -> 0 | F22: =SUM(F23:F25) -> 0 | G22: =SUM(G23:G25) -> 0 | H22: =SUM(H23:H25) -> 0
B23: 0 | C23: 0 | D23: 0 | E23: 0 | F23: 0 | G23: 0 | H23: 0
B24: 0 | C24: 0 | D24: 0 | E24: 0 | F24: 0 | G24: 0 | H24: 0
B25: 0 | C25: 0 | D25: 0 | E25: 0 | F25: 0 | G25: 0 | H25: 0
A27: 5. Valor de Instrumentos Bono Cupón Cero 2 (Informativo) | B27: =SUM(B28:B30) -> 0 | C27: =SUM(C28:C30) -> 0 | D27: =SUM(D28:D30) -> 0 | E27: =SUM(E28:E30) -> 0 | F27: =SUM(F28:F30) -> 0 | G27: =SUM(G28:G30) -> 0 | H27: =SUM(H28:H30) -> 0
B28: 0 | C28: 0 | D28: 0 | E28: 0 | F28: 0 | G28: 0 | H28: 0
B29: 0 | C29: 0 | D29: 0 | E29: 0 | F29: 0 | G29: 0 | H29: 0
B30: 0 | C30: 0 | D30: 0 | E30: 0 | F30: 0 | G30: 0 | H30: 0
A31: *
A33: 1 Se refiere a cualquier Financiamiento sin fuente o garantía de pago definida, que sea asumida de manera solidaria o subsidiaria por las Entidades Federativas con sus Municipios, organismos descentralizados y empresas de participación estatal mayoritaria y fideicomisos, locales o municipales, y por los Municipios con sus respectivos organismos descentralizados y empresas de participación municipal mayoritaria. 2 Se refiere al valor del Bono Cupón Cero que respalda el pago de los créditos asociados al mismo (Activo).
A39: Obligaciones a Corto Plazo (k) | B39: Monto Contratado (l) | C39: Plazo Pactado (m) | D39: Tasa de Interés (n) | E39: Comisiones y Costos Relacionados (o) | F39: Tasa Efectiva (p)
A41: 6. Obligaciones a Corto Plazo (Informativo) | B41: =SUM(B42:B44) -> 0 | C41: =SUM(C42:C44) -> 0 | D41: =SUM(D42:D44) -> 0 | E41: =SUM(E42:E44) -> 0 | F41: =SUM(F42:F44) -> 0
B42: 0 | C42: 0 | D42: 0 | E42: 0 | F42: 0
B43: 0 | C43: 0 | D43: 0 | E43: 0 | F43: 0
B44: 0 | C44: 0 | D44: 0 | E44: 0 | F44: 0
A45: *

Sheet Formato 3
A1: Formato 3 Informe Analítico de Obligaciones Diferentes de Financiamientos - LDF
A2: ='Formato 1'!A2 -> COMISION MUNICIPAL DEL DEPORTE DE DR MORA, GTO
A3: Informe Analítico de Obligaciones Diferentes de Financiamientos – LDF
A4: DEL 1 DE ENERO DEL 2025 AL 31 DE DICIEMBRE DEL 2025
A5: (PESOS)
A6: Denominación de las Obligaciones Diferentes de Financiamiento (c) | B6: Fecha del Contrato (d) | C6: Fecha de inicio de operación del proyecto (e) | D6: Fecha de vencimiento (f) | E6: Monto de la inversión pactado (g) | F6: Plazo pactado (h) | G6: Monto promedio mensual del pago de la contraprestación (i) | H6: Monto promedio mensual del pago de la contraprestación correspondiente al pago de inversión (j) | I6: Monto pagado de la inversión al 31 de Marzo de 2025 (k) | J6: Monto pagado de la inversión actualizado al 31 de Marzo de 2025 (l) | K6: Saldo pendiente por pagar de la inversión al 31 de Marzo de 2025 (m = g – l)
A8: A. Asociaciones Público Privadas (APP’s) (A=a+b+c+d) | E8: =SUM(E9:E12) -> 0 | G8: =SUM(G9:G12) -> 0 | H8: =SUM(H9:H12) -> 0 | I8: =SUM(I9:I12) -> 0 | J8: =SUM(J9:J12) -> 0 | K8: =SUM(K9:K12) -> 0
A13: *
A14: B. Otros Instrumentos (B=a+b+c+d) | E14: =SUM(E15:E18) -> 0 | G14: =SUM(G15:G18) -> 0 | H14: =SUM(H15:H18) -> 0 | I14: =SUM(I15:I18) -> 0 | J14: =SUM(J15:J18) -> 0 | K14: =SUM(K15:K18) -> 0
A20: C. Total de Obligaciones Diferentes de Financiamiento (C=A+B) | E20: =SUM(E8,E14) -> 0 | G20: =SUM(G8,G14) -> 0 | H20: =SUM(H8,H14) -> 0 | I20: =SUM(I8,I14) -> 0 | J20: =SUM(J8,J14) -> 0 | K20: =SUM(K8,K14) -> 0

Sheet Formato 4
A1: Formato 4 Balance Presupuestario - LDF
A2: ='Formato 1'!A2 -> COMISION MUNICIPAL DEL DEPORTE DE DR MORA, GTO
A3: Balance Presupuestario - LDF
A4: ='Formato 3'!A4 -> DEL 1 DE ENERO DEL 2025 AL 31 DE DICIEMBRE DEL 2025
A5: (PESOS)
A7: Concepto (c) | B7: Estimado/ Aprobado (d) | C7: Devengado | D7: Recaudado/ Pagado
A8: A. Ingresos Totales (A = A1+A2+A3) | B8: =SUM(B9:B11) -> 1400000 | C8: =SUM(C9:C11) -> 1575020.2 | D8: =SUM(D9:D11) -> 1575020.2
A9: A1. Ingresos de Libre Disposición | B9: 1400000 | C9: 1575020.2 | D9: 1575020.2
A10: A2. Transferencias Federales Etiquetadas | B10: 0 | C10: 0 | D10: 0
A11: A3. Financiamiento Neto | B11: 0 | C11: 0 | D11: 0
A13: B. Egresos Presupuestarios1 (B = B1+B2) | B13: =B14+B15 -> 1400000 | C13: =C14+C15 -> 1566316.5 | D13: =D14+D15 -> 1564316.5
A14: B1. Gasto No Etiquetado (sin incluir Amortización de la Deuda Pública) | B14: 1400000 | C14: 1566316.5 | D14: 1564316.5
A15: B2. Gasto Etiquetado (sin incluir Amortización de la Deuda Pública) | B15: 0 | C15: 0 | D15: 0
A17: C. Remanentes del Ejercicio Anterior ( C = C1 + C2 ) | B17: 0 | C17: =C18+C19 -> 0 | D17: =D18+D19 -> 0
A18: C1. Remanentes de Ingresos de Libre Disposición aplicados en el periodo | B18: 0 | C18: 0 | D18: 0
A19: C2. Remanentes de Transferencias Federales Etiquetadas aplicados en el periodo | B19: 0 | C19: 0 | D19: 0
A21: I. Balance Presupuestario (I = A – B + C) | B21: =B8-B13+B17 -> 0 | C21: =C8-C13+C17 -> 8703.67 | D21: =D8-D13+D17 -> 10703.67
A23: II. Balance Presupuestario sin Financiamiento Neto (II = I - A3) | B23: =B21-B11 -> 0 | C23: =C21-C11 -> 8703.67 | D23: =D21-D11 -> 10703.67
A25: III. Balance Presupuestario sin Financiamiento Neto y sin Remanentes del Ejercicio Anterior (III= II - C) | B25: =B23-B17 -> 0 | C25: =C23-C17 -> 8703.67 | D25: =D23-D17 -> 10703.67
A28: Concepto | B28: Aprobado | C28: Devengado | D28: Pagado
A29: E. Intereses, Comisiones y Gastos de la Deuda (E = E1+E2) | B29: =B30+B31 -> 0 | C29: =C30+C31 -> 0 | D29: =D30+D31 -> 0
A30: E1. Intereses, Comisiones y Gastos de la Deuda con Gasto No Etiquetado | B30: 0 | C30: 0 | D30: 0
A31: E2. Intereses, Comisiones y Gastos de la Deuda con Gasto Etiquetado | B31: 0 | C31: 0 | D31: 0
A33: IV. Balance Primario (IV = III + E) | B33: =B25+B29 -> 0 | C33: =C25+C29 -> 8703.67 | D33: =D25+D29 -> 10703.67
A36: Concepto | B36: Estimado/ Aprobado | C36: Devengado | D36: Recaudado/ Pagado
A37: F. Financiamiento (F = F1 + F2) | B37: =B38+B39 -> 0 | C37: =C38+C39 -> 0 | D37: =D38+D39 -> 0
A38: F1. Financiamiento con Fuente de Pago de Ingresos de Libre Disposición | B38: 0 | C38: 0 | D38: 0
A39: F2. Financiamiento con Fuente de Pago de Transferencias Federales Etiquetadas | B39: 0 | C39: 0 | D39: 0
A40: G. Amortización de la Deuda (G = G1 + G2) | B40: =B41+B42 -> 0 | C40: =C41+C42 -> 0 | D40: =D41+D42 -> 0
A41: G1. Amortización de la Deuda Pública con Gasto No Etiquetado | B41: 0 | C41: 0 | D41: 0
A42: G2. Amortización de la Deuda Pública con Gasto Etiquetado | B42: 0 | C42: 0 | D42: 0
A44: A3. Financiamiento Neto (A3 = F – G ) | B44: =B37-B40 -> 0 | C44: =C37-C40 -> 0 | D44: =D37-D40 -> 0
A47: Concepto | B47: Estimado/ Aprobado | C47: Devengado | D47: Recaudado/ Pagado
A48: A1. Ingresos de Libre Disposición | B48: 1400000 | C48: 1575020.2 | D48: 1575020.2
A49: A3.1 Financiamiento Neto con Fuente de Pago de Ingresos de Libre Disposición (A3.1 = F1 – G1) | B49: =B50-B51 -> 0 | C49: =C50-C51 -> 0 | D49: =D50-D51 -> 0
A50: F1. Financiamiento con Fuente de Pago de Ingresos de Libre Disposición | B50: 0 | C50: 0 | D50: 0
A51: G1. Amortización de la Deuda Pública con Gasto No Etiquetado | B51: 0 | C51: 0 | D51: 0
A53: B1. Gasto No Etiquetado (sin incluir Amortización de la Deuda Pública) | B53: 1400000 | C53: 1566316.5 | D53: 1564316.5
A55: C1. Remanentes de Ingresos de Libre Disposición aplicados en el periodo | B55: 0 | C55: 0 | D55: 0
A57: V. Balance Presupuestario de Recursos Disponibles (V = A1 + A3.1 – B 1 + C1) | B57: =B48+B49-B53+B55 -> 0 | C57: =C48+C49-C53+C55 -> 8703.67 | D57: =D48+D49-D53+D55 -> 10703.67
A59: VI. Balance Presupuestario de Recursos Disponibles sin Financiamiento Neto (VI = V – A3.1) | B59: =B57-B49 -> 0 | C59: =C57-C49 -> 8703.67 | D59: =D57-D49 -> 10703.67
A62: Concepto | B62: Estimado/ Aprobado | C62: Devengado | D62: Recaudado/ Pagado
A63: A2. Transferencias Federales Etiquetadas | B63: 0 | C63: 0 | D63: 0
A64: A3.2 Financiamiento Neto con Fuente de Pago de Transferencias Federales Etiquetadas (A3.2 = F2 – G2) | B64: =B65-B66 -> 0 | C64: =C65-C66 -> 0 | D64: =D65-D66 -> 0
A65: F2. Financiamiento con Fuente de Pago de Transferencias Federales Etiquetadas | B65: 0 | C65: 0 | D65: 0
A66: G2. Amortización de la Deuda Pública con Gasto Etiquetado | B66: 0 | C66: 0 | D66: 0
A68: B2. Gasto Etiquetado (sin incluir Amortización de la Deuda Pública) | B68: 0 | C68: 0 | D68: 0
A70: C2. Remanentes de Transferencias Federales Etiquetadas aplicados en el periodo | B70: 0 | C70: 0 | D70: 0
A72: VII. Balance Presupuestario de Recursos Etiquetados (VII = A2 + A3.2 – B2 + C2) | B72: =B63+B64-B68+B70 -> 0 | C72: =C63+C64-C68+C70 -> 0 | D72: =D63+D64-D68+D70 -> 0
A74: VIII. Balance Presupuestario de Recursos Etiquetados sin Financiamiento Neto (VIII = VII – A3.2) | B74: =B72-B64 -> 0 | C74: =C72-C64 -> 0 | D74: =D72-D64 -> 0

Sheet Formato 5
A1: Formato 5 Estado Analítico de Ingresos Detallado - LDF
A2: ='Formato 1'!A2 -> COMISION MUNICIPAL DEL DEPORTE DE DR MORA, GTO
A3: Estado Analítico de Ingresos Detallado - LDF
A4: ='Formato 3'!A4 -> DEL 1 DE ENERO DEL 2025 AL 31 DE DICIEMBRE DEL 2025
A5: (PESOS)
A6: Concepto (c) | B6: Ingreso | G6: Diferencia (e)
B7: Estimado (d) | C7: Ampliaciones/ (Reducciones) | D7: Modificado | E7: Devengado | F7: Recaudado
A8: Ingresos de Libre Disposición
A9: A. Impuestos | B9: 0 | C9: 0 | D9: 0 | E9: 0 | F9: 0 | G9: =F9-B9 -> 0
A10: B. Cuotas y Aportaciones de Seguridad Social | B10: 0 | C10: 0 | D10: 0 | E10: 0 | F10: 0 | G10: =F10-B10 -> 0
A11: C. Contribuciones de Mejoras | B11: 0 | C11: 0 | D11: 0 | E11: 0 | F11: 0 | G11: =F11-B11 -> 0
A12: D. Derechos | B12: 0 | C12: 0 | D12: 0 | E12: 0 | F12: 0 | G12: =F12-B12 -> 0
A13: E. Productos | B13: 0 | C13: 0 | D13: 0 | E13: 20.27 | F13: 20.27 | G13: =F13-B13 -> 20.27
A14: F. Aprovechamientos | B14: 0 | C14: 0 | D14: 0 | E14: 0 | F14: 0 | G14: =F14-B14 -> 0
A15: G. Ingresos por Venta de Bienes y Prestación de Servicios | B15: 0 | C15: 0 | D15: 0 | E15: 0 | F15: 0 | G15: =F15-B15 -> 0
A16: H. Participaciones (H=h1+h2+h3+h4+h5+h6+h7+h8+h9+h10+h11) | B16: =SUM(B17:B27) -> 0 | C16: =SUM(C17:C27) -> 0 | D16: =SUM(D17:D27) -> 0 | E16: =SUM(E17:E27) -> 0 | F16: =SUM(F17:F27) -> 0 | G16: =SUM(G17:G27) -> 0
A17: h1) Fondo General de Participaciones | B17: 0 | C17: 0 | D17: 0 | E17: 0 | F17: 0 | G17: =F17-B17 -> 0
A18: h2) Fondo de Fomento Municipal | B18: 0 | C18: 0 | D18: 0 | E18: 0 | F18: 0 | G18: =F18-B18 -> 0
A19: h3) Fondo de Fiscalización y Recaudación | B19: 0 | C19: 0 | D19: 0 | E19: 0 | F19: 0 | G19: =F19-B19 -> 0
A20: h4) Fondo de Compensación | B20: 0 | C20: 0 | D20: 0 | E20: 0 | F20: 0 | G20: =F20-B20 -> 0
A21: h5) Fondo de Extracción de Hidrocarburos | B21: 0 | C21: 0 | D21: 0 | E21: 0 | F21: 0 | G21: =F21-B21 -> 0
A22: h6) Impuesto Especial Sobre Producción y Servicios | B22: 0 | C22: 0 | D22: 0 | E22: 0 | F22: 0 | G22: =F22-B22 -> 0
A23: h7) 0.136% de la Recaudación Federal Participable | B23: 0 | C23: 0 | D23: 0 | E23: 0 | F23: 0 | G23: =F23-B23 -> 0
A24: h8) 3.17% Sobre Extracción de Petróleo | B24: 0 | C24: 0 | D24: 0 | E24: 0 | F24: 0 | G24: =F24-B24 -> 0
A25: h9) Gasolinas y Diésel | B25: 0 | C25: 0 | D25: 0 | E25: 0 | F25: 0 | G25: =F25-B25 -> 0
A26: h10) Fondo del Impuesto Sobre la Renta | B26: 0 | C26: 0 | D26: 0 | E26: 0 | F26: 0 | G26: =F26-B26 -> 0
A27: h11) Fondo de Estabilización de los Ingresos de las Entidades Federativas | B27: 0 | C27: 0 | D27: 0 | E27: 0 | F27: 0 | G27: =F27-B27 -> 0
A28: I. Incentivos Derivados de la Colaboración Fiscal (I=i1+i2+i3+i4+i5) | B28: =SUM(B29:B33) -> 0 | C28: =SUM(C29:C33) -> 0 | D28: =SUM(D29:D33) -> 0 | E28: =SUM(E29:E33) -> 0 | F28: =SUM(F29:F33) -> 0 | G28: =SUM(G29:G33) -> 0
A29: i1) Tenencia o Uso de Vehículos | B29: 0 | C29: 0 | D29: 0 | E29: 0 | F29: 0 | G29: =F29-B29 -> 0
A30: i2) Fondo de Compensación ISAN | B30: 0 | C30: 0 | D30: 0 | E30: 0 | F30: 0 | G30: =F30-B30 -> 0
A31: i3) Impuesto Sobre Automóviles Nuevos | B31: 0 | C31: 0 | D31: 0 | E31: 0 | F31: 0 | G31: =F31-B31 -> 0
A32: i4) Fondo de Compensación de Repecos-Intermedios | B32: 0 | C32: 0 | D32: 0 | E32: 0 | F32: 0 | G32: =F32-B32 -> 0
A33: i5) Otros Incentivos Económicos | B33: 0 | C33: 0 | D33: 0 | E33: 0 | F33: 0 | G33: =F33-B33 -> 0
A34: J. Transferencias y Asignaciones | B34: 1400000 | C34: 175000 | D34: 1575000 | E34: 1574999.9 | F34: 1574999.9 | G34: =F34-B34 -> 174999.92
A35: K. Convenios | B35: 0 | C35: 0 | D35: 0 | E35: 0 | F35: 0 | G35: =G36 -> 0
A36: k1) Otros Convenios y Subsidios | B36: 0 | C36: 0 | D36: 0 | E36: 0 | F36: 0 | G36: =F36-B36 -> 0
A37: L. Otros Ingresos de Libre Disposición (L=l1+l2) | B37: =SUM(B38:B39) -> 0 | C37: =C38+C39 -> 0 | D37: =D38+D39 -> 0 | E37: =E38+E39 -> 0 | F37: =F38+F39 -> 0 | G37: =G38+G39 -> 0
A38: l1) Participaciones en Ingresos Locales | B38: 0 | C38: 0 | D38: 0 | E38: 0 | F38: 0 | G38: =F38-B38 -> 0
A39: l2) Otros Ingresos de Libre Disposición | B39: 0 | C39: 0 | D39: 0 | E39: 0 | F39: 0 | G39: =F39-B39 -> 0
A41: I. Total de Ingresos de Libre Disposición (I=A+B+C+D+E+F+G+H+I+J+K+L) | B41: =SUM(B9,B10,B11,B12,B13,B14,B15,B16,B28,B34,B35,B37) -> 1400000 | C41: =SUM(C9,C10,C11,C12,C13,C14,C15,C16,C28,C34,C35,C37) -> 175000 | D41: =SUM(D9,D10,D11,D12,D13,D14,D15,D16,D28,D34,D35,D37) -> 1575000 | E41: =SUM(E9,E10,E11,E12,E13,E14,E15,E16,E28,E34,E35,E37) -> 1575020.2 | F41: =SUM(F9,F10,F11,F12,F13,F14,F15,F16,F28,F34,F35,F37) -> 1575020.2 | G41: =SUM(G9,G10,G11,G12,G13,G14,G15,G16,G28,G34,G35,G37) -> 175020.19
A42: Ingresos Excedentes de Ingresos de Libre Disposición | G42: =IF(G41>0,G41,0) -> 175020.19
A44: Transferencias Federales Etiquetadas
A45: A. Aportaciones (A=a1+a2+a3+a4+a5+a6+a7+a8) | B45: =SUM(B46:B53) -> 0 | C45: =SUM(C46:C53) -> 0 | D45: =SUM(D46:D53) -> 0 | E45: =SUM(E46:E53) -> 0 | F45: =SUM(F46:F53) -> 0 | G45: =SUM(G46:G53) -> 0
A46: a1) Fondo de Aportaciones para la Nómina Educativa y Gasto Operativo | B46: 0 | C46: 0 | D46: 0 | E46: 0 | F46: 0 | G46: =F46-B46 -> 0
A47: a2) Fondo de Aportaciones para los Servicios de Salud | B47: 0 | C47: 0 | D47: 0 | E47: 0 | F47: 0 | G47: =F47-B47 -> 0
A48: a3) Fondo de Aportaciones para la Infraestructura Social | B48: 0 | C48: 0 | D48: 0 | E48: 0 | F48: 0 | G48: =F48-B48 -> 0
A49: a4) Fondo de Aportaciones para el Fortalecimiento de los Municipios y de las Demarcaciones Territoriales del Distrito Federal | B49: 0 | C49: 0 | D49: 0 | E49: 0 | F49: 0 | G49: =F49-B49 -> 0
A50: a5) Fondo de Aportaciones Múltiples | B50: 0 | C50: 0 | D50: 0 | E50: 0 | F50: 0 | G50: =F50-B50 -> 0
A51: a6) Fondo de Aportaciones para la Educación Tecnológica y de Adultos | B51: 0 | C51: 0 | D51: 0 | E51: 0 | F51: 0 | G51: =F51-B51 -> 0
A52: a7) Fondo de Aportaciones para la Seguridad Pública de los Estados y del Distrito Federal | B52: 0 | C52: 0 | D52: 0 | E52: 0 | F52: 0 | G52: =F52-B52 -> 0
A53: a8) Fondo de Aportaciones para el Fortalecimiento de las Entidades Federativas | B53: 0 | C53: 0 | D53: 0 | E53: 0 | F53: 0 | G53: =F53-B53 -> 0
A54: B. Convenios (B=b1+b2+b3+b4) | B54: =SUM(B55:B58) -> 0 | C54: =SUM(C55:C58) -> 0 | D54: =SUM(D55:D58) -> 0 | E54: =SUM(E55:E58) -> 0 | F54: =SUM(F55:F58) -> 0 | G54: =SUM(G55:G58) -> 0
A55: b1) Convenios de Protección Social en Salud | B55: 0 | C55: 0 | D55: 0 | E55: 0 | F55: 0 | G55: =F55-B55 -> 0
A56: b2) Convenios de Descentralización | B56: 0 | C56: 0 | D56: 0 | E56: 0 | F56: 0 | G56: =F56-B56 -> 0
A57: b3) Convenios de Reasignación | B57: 0 | C57: 0 | D57: 0 | E57: 0 | F57: 0 | G57: =F57-B57 -> 0
A58: b4) Otros Convenios y Subsidios | B58: 0 | C58: 0 | D58: 0 | E58: 0 | F58: 0 | G58: =F58-B58 -> 0
A59: C. Fondos Distintos de Aportaciones (C=c1+c2) | B59: =SUM(B60:B61) -> 0 | C59: =SUM(C60:C61) -> 0 | D59: =SUM(D60:D61) -> 0 | E59: =SUM(E60:E61) -> 0 | F59: =SUM(F60:F61) -> 0 | G59: =SUM(G60:G61) -> 0
A60: c1) Fondo para Entidades Federativas y Municipios Productores de Hidrocarburos | B60: 0 | C60: 0 | D60: 0 | E60: 0 | F60: 0 | G60: =F60-B60 -> 0
A61: c2) Fondo Minero | B61: 0 | C61: 0 | D61: 0 | E61: 0 | F61: 0 | G61: =F61-B61 -> 0
A62: D. Transferencias, Asignaciones, Subsidios y Subvenciones, y Pensiones y Jubilaciones | B62: 0 | C62: 0 | D62: 0 | E62: 0 | F62: 0 | G62: =F62-B62 -> 0
A63: E. Otras Transferencias Federales Etiquetadas | B63: 0 | C63: 0 | D63: 0 | E63: 0 | F63: 0 | G63: =F63-B63 -> 0
A65: II. Total de Transferencias Federales Etiquetadas (II = A + B + C + D + E) | B65: =B45+B54+B59+B62+B63 -> 0 | C65: =C45+C54+C59+C62+C63 -> 0 | D65: =D45+D54+D59+D62+D63 -> 0 | E65: =E45+E54+E59+E62+E63 -> 0 | F65: =F45+F54+F59+F62+F63 -> 0 | G65: =G45+G54+G59+G62+G63 -> 0
A67: III. Ingresos Derivados de Financiamientos (III = A) | B67: 0 | C67: 0 | D67: 0 | E67: 0 | F67: 0 | G67: =G68 -> 0
A68: A. Ingresos Derivados de Financiamientos | B68: 0 | C68: 0 | D68: 0 | E68: 0 | F68: 0 | G68: =F68-B68 -> 0
A70: IV. Total de Ingresos (IV = I + II + III) | B70: =B41+B65+B67 -> 1400000 | C70: =C41+C65+C67 -> 175000 | D70: =D41+D65+D67 -> 1575000 | E70: =E41+E65+E67 -> 1575020.2 | F70: =F41+F65+F67 -> 1575020.2 | G70: =G41+G65+G67 -> 175020.19
A72: Datos Informativos
A73: 1. Ingresos Derivados de Financiamientos con Fuente de Pago de Ingresos de Libre Disposición | B73: 0 | C73: 0 | D73: 0 | E73: 0 | F73: 0 | G73: =F73-B73 -> 0
A74: 2. Ingresos Derivados de Financiamientos con Fuente de Pago de Transferencias Federales Etiquetadas | B74: 0 | C74: 0 | D74: 0 | E74: 0 | F74: 0 | G74: =F74-B74 -> 0
A75: 3. Ingresos Derivados de Financiamientos (3 = 1 + 2) | B75: =B73+B74 -> 0 | C75: =C73+C74 -> 0 | D75: =D73+D74 -> 0 | E75: =E73+E74 -> 0 | F75: =F73+F74 -> 0 | G75: =G73+G74 -> 0

Sheet Formato 6 a)
A1: Formato 6 a) Estado Analítico del Ejercicio del Presupuesto de Egresos Detallado - LDF (Clasificación por Objeto del Gasto)
A2: ='Formato 1'!A2 -> COMISION MUNICIPAL DEL DEPORTE DE DR MORA, GTO
A3: Estado Analítico del Ejercicio del Presupuesto de Egresos Detallado - LDF
A4: Clasificación por Objeto del Gasto (Capítulo y Concepto)
A5: ='Formato 3'!A4 -> DEL 1 DE ENERO DEL 2025 AL 31 DE DICIEMBRE DEL 2025
A6: (PESOS)
A7: Concepto (c) | B7: Egresos | G7: Subejercicio (e)
B8: Aprobado (d) | C8: Ampliaciones/ (Reducciones) | D8: Modificado | E8: Devengado | F8: Pagado
A9: I. Gasto No Etiquetado (I=A+B+C+D+E+F+G+H+I) | B9: =SUM(B10,B18,B28,B38,B48,B58,B62,B71,B75) -> 1400000 | C9: =SUM(C10,C18,C28,C38,C48,C58,C62,C71,C75) -> 175000 | D9: =SUM(D10,D18,D28,D38,D48,D58,D62,D71,D75) -> 1575000 | E9: =SUM(E10,E18,E28,E38,E48,E58,E62,E71,E75) -> 1566316.5 | F9: =SUM(F10,F18,F28,F38,F48,F58,F62,F71,F75) -> 1564316.5 | G9: =SUM(G10,G18,G28,G38,G48,G58,G62,G71,G75) -> 8683.48
A10: A. Servicios Personales (A=a1+a2+a3+a4+a5+a6+a7) | B10: =SUM(B11:B17) -> 1197879.9 | C10: =SUM(C11:C17) -> -22852.36 | D10: =SUM(D11:D17) -> 1175027.6 | E10: =SUM(E11:E17) -> 1171588.7 | F10: =SUM(F11:F17) -> 1169588.7 | G10: =SUM(G11:G17) -> 3438.88
A11: a1) Remuneraciones al Personal de Carácter Permanente | B11: 980879.37 | C11: -32214.72 | D11: 948664.65 | E11: 948664.65 | F11: 948664.65 | G11: =D11-E11 -> 0
A12: a2) Remuneraciones al Personal de Carácter Transitorio | B12: 3000 | C12: 16200 | D12: 19200 | E12: 19200 | F12: 19200 | G12: =D12-E12 -> 0
A13: a3) Remuneraciones Adicionales y Especiales | B13: 201550.55 | C13: -7134.64 | D13: 194415.91 | E13: 194415.91 | F13: 194415.91 | G13: =D13-E13 -> 0
A14: a4) Seguridad Social | B14: 0 | C14: 0 | D14: 0 | E14: 0 | F14: 0 | G14: =D14-E14 -> 0
A15: a5) Otras Prestaciones Sociales y Económicas | B15: 12450 | C15: 297 | D15: 12747 | E15: 9308.12 | F15: 7308.12 | G15: =D15-E15 -> 3438.88
A16: a6) Previsiones | B16: 0 | C16: 0 | D16: 0 | E16: 0 | F16: 0 | G16: =D16-E16 -> 0
A17: a7) Pago de Estímulos a Servidores Públicos | B17: 0 | C17: 0 | D17: 0 | E17: 0 | F17: 0 | G17: =D17-E17 -> 0
A18: B. Materiales y Suministros (B=b1+b2+b3+b4+b5+b6+b7+b8+b9) | B18: =SUM(B19:B27) -> 126620.08 | C18: =SUM(C19:C27) -> 82312.72 | D18: =SUM(D19:D27) -> 208932.8 | E18: =SUM(E19:E27) -> 205331.64 | F18: =SUM(F19:F27) -> 205331.64 | G18: =SUM(G19:G27) -> 3601.16
A19: b1) Materiales de Administración, Emisión de Documentos y Artículos Oficiales | B19: 14000 | C19: 35715.88 | D19: 49715.88 | E19: 49715.88 | F19: 49715.88 | G19: =D19-E19 -> 0
A20: b2) Alimentos y Utensilios | B20: 3020.08 | C20: -2117.7 | D20: 902.38 | E20: 902.38 | F20: 902.38 | G20: =D20-E20 -> 0
A21: b3) Materias Primas y Materiales de Producción y Comercialización | B21: 0 | C21: 0 | D21: 0 | E21: 0 | F21: 0 | G21: =D21-E21 -> 0
A22: b4) Materiales y Artículos de Construcción y de Reparación | B22: 5000 | C22: 39549.61 | D22: 44549.61 | E22: 44549.61 | F22: 44549.61 | G22: =D22-E22 -> 0
A23: b5) Productos Químicos, Farmacéuticos y de Laboratorio | B23: 12600 | C23: -10647 | D23: 1953 | E23: 1953 | F23: 1953 | G23: =D23-E23 -> 0
A24: b6) Combustibles, Lubricantes y Aditivos | B24: 36000 | C24: 20341.16 | D24: 56341.16 | E24: 52740 | F24: 52740 | G24: =D24-E24 -> 3601.16
A25: b7) Vestuario, Blancos, Prendas de Protección y Artículos Deportivos | B25: 56000 | C25: -529.23 | D25: 55470.77 | E25: 55470.77 | F25: 55470.77 | G25: =D25-E25 -> 0
A26: b8) Materiales y Suministros Para Seguridad | B26: 0 | C26: 0 | D26: 0 | E26: 0 | F26: 0 | G26: =D26-E26 -> 0
A27: b9) Herramientas, Refacciones y Accesorios Menores | B27: 0 | C27: 0 | D27: 0 | E27: 0 | F27: 0 | G27: =D27-E27 -> 0
A28: C. Servicios Generales (C=c1+c2+c3+c4+c5+c6+c7+c8+c9) | B28: =SUM(B29:B37) -> 66500 | C28: =SUM(C29:C37) -> 106042.51 | D28: =SUM(D29:D37) -> 172542.51 | E28: =SUM(E29:E37) -> 170899.07 | F28: =SUM(F29:F37) -> 170899.07 | G28: =SUM(G29:G37) -> 1643.44
A29: c1) Servicios Básicos | B29: 42000 | C29: -8200 | D29: 33800 | E29: 33800 | F29: 33800 | G29: =D29-E29 -> 0
A30: c2) Servicios de Arrendamiento | B30: 0 | C30: 0 | D30: 0 | E30: 0 | F30: 0 | G30: =D30-E30 -> 0
A31: c3) Servicios Profesionales, Científicos, Técnicos y Otros Servicios | B31: 8000 | C31: 19000 | D31: 27000 | E31: 26680 | F31: 26680 | G31: =D31-E31 -> 320
A32: c4) Servicios Financieros, Bancarios y Comerciales | B32: 2000 | C32: 1823.2 | D32: 3823.2 | E32: 3790.88 | F32: 3790.88 | G32: =D32-E32 -> 32.32
A33: c5) Servicios de Instalación, Reparación, Mantenimiento y Conservación | B33: 9000 | C33: 69786.21 | D33: 78786.21 | E33: 77495.09 | F33: 77495.09 | G33: =D33-E33 -> 1291.12
A34: c6) Servicios de Comunicación Social y Publicidad | B34: 0 | C34: 0 | D34: 0 | E34: 0 | F34: 0 | G34: =D34-E34 -> 0
A35: c7) Servicios de Traslado y Viáticos | B35: 1000 | C35: 2074.39 | D35: 3074.39 | E35: 3074.39 | F35: 3074.39 | G35: =D35-E35 -> 0
A36: c8) Servicios Oficiales | B36: 2000 | C36: 22019.71 | D36: 24019.71 | E36: 24019.71 | F36: 24019.71 | G36: =D36-E36 -> 0
A37: c9) Otros Servicios Generales | B37: 2500 | C37: -461 | D37: 2039 | E37: 2039 | F37: 2039 | G37: =D37-E37 -> 0
A38: D. Transferencias, Asignaciones, Subsidios y Otras Ayudas (D=d1+d2+d3+d4+d5+d6+d7+d8+d9) | B38: =SUM(B39:B47) -> 0 | C38: =SUM(C39:C47) -> 0 | D38: =SUM(D39:D47) -> 0 | E38: =SUM(E39:E47) -> 0 | F38: =SUM(F39:F47) -> 0 | G38: =SUM(G39:G47) -> 0
A39: d1) Transferencias Internas y Asignaciones al Sector Público | B39: 0 | C39: 0 | D39: 0 | E39: 0 | F39: 0 | G39: =D39-E39 -> 0
A40: d2) Transferencias al Resto del Sector Público | B40: 0 | C40: 0 | D40: 0 | E40: 0 | F40: 0 | G40: =D40-E40 -> 0
A41: d3) Subsidios y Subvenciones | B41: 0 | C41: 0 | D41: 0 | E41: 0 | F41: 0 | G41: =D41-E41 -> 0
A42: d4) Ayudas Sociales | B42: 0 | C42: 0 | D42: 0 | E42: 0 | F42: 0 | G42: =D42-E42 -> 0
A43: d5) Pensiones y Jubilaciones | B43: 0 | C43: 0 | D43: 0 | E43: 0 | F43: 0 | G43: =D43-E43 -> 0
A44: d6) Transferencias a Fideicomisos, Mandatos y Otros Análogos | B44: 0 | C44: 0 | D44: 0 | E44: 0 | F44: 0 | G44: =D44-E44 -> 0
A45: d7) Transferencias a la Seguridad Social | B45: 0 | C45: 0 | D45: 0 | E45: 0 | F45: 0 | G45: =D45-E45 -> 0
A46: d8) Donativos | B46: 0 | C46: 0 | D46: 0 | E46: 0 | F46: 0 | G46: =D46-E46 -> 0
A47: d9) Transferencias al Exterior | B47: 0 | C47: 0 | D47: 0 | E47: 0 | F47: 0 | G47: =D47-E47 -> 0
A48: E. Bienes Muebles, Inmuebles e Intangibles (E=e1+e2+e3+e4+e5+e6+e7+e8+e9) | B48: =SUM(B49:B57) -> 9000 | C48: =SUM(C49:C57) -> 9497.13 | D48: =SUM(D49:D57) -> 18497.13 | E48: =SUM(E49:E57) -> 18497.13 | F48: =SUM(F49:F57) -> 18497.13 | G48: =SUM(G49:G57) -> 0
A49: e1) Mobiliario y Equipo de Administración | B49: 9000 | C49: 9497.13 | D49: 18497.13 | E49: 18497.13 | F49: 18497.13 | G49: =D49-E49 -> 0
A50: e2) Mobiliario y Equipo Educacional y Recreativo | B50: 0 | C50: 0 | D50: 0 | E50: 0 | F50: 0 | G50: =D50-E50 -> 0
A51: e3) Equipo e Instrumental Médico y de Laboratorio | B51: 0 | C51: 0 | D51: 0 | E51: 0 | F51: 0 | G51: =D51-E51 -> 0
A52: e4) Vehículos y Equipo de Transporte | B52: 0 | C52: 0 | D52: 0 | E52: 0 | F52: 0 | G52: =D52-E52 -> 0
A53: e5) Equipo de Defensa y Seguridad | B53: 0 | C53: 0 | D53: 0 | E53: 0 | F53: 0 | G53: =D53-E53 -> 0
A54: e6) Maquinaria, Otros Equipos y Herramientas | B54: 0 | C54: 0 | D54: 0 | E54: 0 | F54: 0 | G54: =D54-E54 -> 0
A55: e7) Activos Biológicos | B55: 0 | C55: 0 | D55: 0 | E55: 0 | F55: 0 | G55: =D55-E55 -> 0
A56: e8) Bienes Inmuebles | B56: 0 | C56: 0 | D56: 0 | E56: 0 | F56: 0 | G56: =D56-E56 -> 0
A57: e9) Activos Intangibles | B57: 0 | C57: 0 | D57: 0 | E57: 0 | F57: 0 | G57: =D57-E57 -> 0
A58: F. Inversión Pública (F=f1+f2+f3) | B58: =SUM(B59:B61) -> 0 | C58: =SUM(C59:C61) -> 0 | D58: =SUM(D59:D61) -> 0 | E58: =SUM(E59:E61) -> 0 | F58: =SUM(F59:F61) -> 0 | G58: =SUM(G59:G61) -> 0
A59: f1) Obra Pública en Bienes de Dominio Público | B59: 0 | C59: 0 | D59: 0 | E59: 0 | F59: 0 | G59: =D59-E59 -> 0
A60: f2) Obra Pública en Bienes Propios | B60: 0 | C60: 0 | D60: 0 | E60: 0 | F60: 0 | G60: =D60-E60 -> 0
A61: f3) Proyectos Productivos y Acciones de Fomento | B61: 0 | C61: 0 | D61: 0 | E61: 0 | F61: 0 | G61: =D61-E61 -> 0
A62: G. Inversiones Financieras y Otras Provisiones (G=g1+g2+g3+g4+g5+g6+g7) | B62: =SUM(B63:B67,B69:B70) -> 0 | C62: =SUM(C63:C67,C69:C70) -> 0 | D62: =SUM(D63:D67,D69:D70) -> 0 | E62: =SUM(E63:E67,E69:E70) -> 0 | F62: =SUM(F63:F67,F69:F70) -> 0 | G62: =SUM(G63:G67,G69:G70) -> 0
A63: g1) Inversiones Para el Fomento de Actividades Productivas | B63: 0 | C63: 0 | D63: 0 | E63: 0 | F63: 0 | G63: =D63-E63 -> 0
A64: g2) Acciones y Participaciones de Capital | B64: 0 | C64: 0 | D64: 0 | E64: 0 | F64: 0 | G64: =D64-E64 -> 0
A65: g3) Compra de Títulos y Valores | B65: 0 | C65: 0 | D65: 0 | E65: 0 | F65: 0 | G65: =D65-E65 -> 0
A66: g4) Concesión de Préstamos | B66: 0 | C66: 0 | D66: 0 | E66: 0 | F66: 0 | G66: =D66-E66 -> 0
A67: g5) Inversiones en Fideicomisos, Mandatos y Otros Análogos | B67: 0 | C67: 0 | D67: 0 | E67: 0 | F67: 0 | G67: =D67-E67 -> 0
A68: Fideicomiso de Desastres Naturales (Informativo) | B68: 0 | C68: 0 | D68: 0 | E68: 0 | F68: 0 | G68: =D68-E68 -> 0
A69: g6) Otras Inversiones Financieras | B69: 0 | C69: 0 | D69: 0 | E69: 0 | F69: 0 | G69: =D69-E69 -> 0
A70: g7) Provisiones para Contingencias y Otras Erogaciones Especiales | B70: 0 | C70: 0 | D70: 0 | E70: 0 | F70: 0 | G70: =D70-E70 -> 0
A71: H. Participaciones y Aportaciones (H=h1+h2+h3) | B71: =SUM(B72:B74) -> 0 | C71: =SUM(C72:C74) -> 0 | D71: =SUM(D72:D74) -> 0 | E71: =SUM(E72:E74) -> 0 | F71: =SUM(F72:F74) -> 0 | G71: =SUM(G72:G74) -> 0
A72: h1) Participaciones | B72: 0 | C72: 0 | D72: 0 | E72: 0 | F72: 0 | G72: =D72-E72 -> 0
A73: h2) Aportaciones | B73: 0 | C73: 0 | D73: 0 | E73: 0 | F73: 0 | G73: =D73-E73 -> 0
A74: h3) Convenios | B74: 0 | C74: 0 | D74: 0 | E74: 0 | F74: 0 | G74: =D74-E74 -> 0
A75: I. Deuda Pública (I=i1+i2+i3+i4+i5+i6+i7) | B75: =SUM(B76:B82) -> 0 | C75: =SUM(C76:C82) -> 0 | D75: =SUM(D76:D82) -> 0 | E75: =SUM(E76:E82) -> 0 | F75: =SUM(F76:F82) -> 0 | G75: =SUM(G76:G82) -> 0
A76: i1) Amortización de la Deuda Pública | B76: 0 | C76: 0 | D76: 0 | E76: 0 | F76: 0 | G76: =D76-E76 -> 0
A77: i2) Intereses de la Deuda Pública | B77: 0 | C77: 0 | D77: 0 | E77: 0 | F77: 0 | G77: =D77-E77 -> 0
A78: i3) Comisiones de la Deuda Pública | B78: 0 | C78: 0 | D78: 0 | E78: 0 | F78: 0 | G78: =D78-E78 -> 0
A79: i4) Gastos de la Deuda Pública | B79: 0 | C79: 0 | D79: 0 | E79: 0 | F79: 0 | G79: =D79-E79 -> 0
A80: i5) Costo por Coberturas | B80: 0 | C80: 0 | D80: 0 | E80: 0 | F80: 0 | G80: =D80-E80 -> 0
A81: i6) Apoyos Financieros | B81: 0 | C81: 0 | D81: 0 | E81: 0 | F81: 0 | G81: =D81-E81 -> 0
A82: i7) Adeudos de Ejercicios Fiscales Anteriores (ADEFAS) | B82: 0 | C82: 0 | D82: 0 | E82: 0 | F82: 0 | G82: =D82-E82 -> 0
A84: II. Gasto Etiquetado (II=A+B+C+D+E+F+G+H+I) | B84: =SUM(B85,B93,B103,B113,B123,B133,B137,B146,B150) -> 0 | C84: =SUM(C85,C93,C103,C113,C123,C133,C137,C146,C150) -> 0 | D84: =SUM(D85,D93,D103,D113,D123,D133,D137,D146,D150) -> 0 | E84: =SUM(E85,E93,E103,E113,E123,E133,E137,E146,E150) -> 0 | F84: =SUM(F85,F93,F103,F113,F123,F133,F137,F146,F150) -> 0 | G84: =SUM(G85,G93,G103,G113,G123,G133,G137,G146,G150) -> 0
A85: A. Servicios Personales (A=a1+a2+a3+a4+a5+a6+a7) | B85: =SUM(B86:B92) -> 0 | C85: =SUM(C86:C92) -> 0 | D85: =SUM(D86:D92) -> 0 | E85: =SUM(E86:E92) -> 0 | F85: =SUM(F86:F92) -> 0 | G85: =SUM(G86:G92) -> 0
A86: a1) Remuneraciones al Personal de Carácter Permanente | B86: 0 | C86: 0 | D86: 0 | E86: 0 | F86: 0 | G86: =D86-E86 -> 0
A87: a2) Remuneraciones al Personal de Carácter Transitorio | B87: 0 | C87: 0 | D87: 0 | E87: 0 | F87: 0 | G87: =D87-E87 -> 0
A88: a3) Remuneraciones Adicionales y Especiales | B88: 0 | C88: 0 | D88: 0 | E88: 0 | F88: 0 | G88: =D88-E88 -> 0
A89: a4) Seguridad Social | B89: 0 | C89: 0 | D89: 0 | E89: 0 | F89: 0 | G89: =D89-E89 -> 0
A90: a5) Otras Prestaciones Sociales y Económicas | B90: 0 | C90: 0 | D90: 0 | E90: 0 | F90: 0 | G90: =D90-E90 -> 0
A91: a6) Previsiones | B91: 0 | C91: 0 | D91: 0 | E91: 0 | F91: 0 | G91: =D91-E91 -> 0
A92: a7) Pago de Estímulos a Servidores Públicos | B92: 0 | C92: 0 | D92: 0 | E92: 0 | F92: 0 | G92: =D92-E92 -> 0
A93: B. Materiales y Suministros (B=b1+b2+b3+b4+b5+b6+b7+b8+b9) | B93: =SUM(B94:B102) -> 0 | C93: =SUM(C94:C102) -> 0 | D93: =SUM(D94:D102) -> 0 | E93: =SUM(E94:E102) -> 0 | F93: =SUM(F94:F102) -> 0 | G93: =SUM(G94:G102) -> 0
A94: b1) Materiales de Administración, Emisión de Documentos y Artículos Oficiales | B94: 0 | C94: 0 | D94: 0 | E94: 0 | F94: 0 | G94: =D94-E94 -> 0
A95: b2) Alimentos y Utensilios | B95: 0 | C95: 0 | D95: 0 | E95: 0 | F95: 0 | G95: =D95-E95 -> 0
A96: b3) Materias Primas y Materiales de Producción y Comercialización | B96: 0 | C96: 0 | D96: 0 | E96: 0 | F96: 0 | G96: =D96-E96 -> 0
A97: b4) Materiales y Artículos de Construcción y de Reparación | B97: 0 | C97: 0 | D97: 0 | E97: 0 | F97: 0 | G97: =D97-E97 -> 0
A98: b5) Productos Químicos, Farmacéuticos y de Laboratorio | B98: 0 | C98: 0 | D98: 0 | E98: 0 | F98: 0 | G98: =D98-E98 -> 0
A99: b6) Combustibles, Lubricantes y Aditivos | B99: 0 | C99: 0 | D99: 0 | E99: 0 | F99: 0 | G99: =D99-E99 -> 0
A100: b7) Vestuario, Blancos, Prendas de Protección y Artículos Deportivos | B100: 0 | C100: 0 | D100: 0 | E100: 0 | F100: 0 | G100: =D100-E100 -> 0
A101: b8) Materiales y Suministros Para Seguridad | B101: 0 | C101: 0 | D101: 0 | E101: 0 | F101: 0 | G101: =D101-E101 -> 0
...

Sheet Formato 6 b)
A1: Formato 6 b) Estado Analítico del Ejercicio del Presupuesto de Egresos Detallado - LDF (Clasificación Administrativa)
A2: ='Formato 1'!A2 -> COMISION MUNICIPAL DEL DEPORTE DE DR MORA, GTO
A3: Estado Analítico del Ejercicio del Presupuesto de Egresos Detallado - LDF
A4: Clasificación Administrativa
A5: ='Formato 3'!A4 -> DEL 1 DE ENERO DEL 2025 AL 31 DE DICIEMBRE DEL 2025
A6: (PESOS)
A7: Concepto (c) | B7: Egresos | G7: Subejercicio (e)
B8: Aprobado (d) | C8: Ampliaciones/ (Reducciones) | D8: Modificado | E8: Devengado | F8: Pagado
A9: I. Gasto No Etiquetado (I=A+B+C+D+E+F+G+H) | B9: =SUM(B10:B17) -> 1400000 | C9: =SUM(C10:C17) -> 175000 | D9: =SUM(D10:D17) -> 1575000 | E9: =SUM(E10:E17) -> 1566316.5 | F9: =SUM(F10:F17) -> 1564316.5 | G9: =SUM(G10:G17) -> 8683.48
A10: 00001 COMUDE | B10: 1400000 | C10: 175000 | D10: 1575000 | E10: 1566316.5 | F10: 1564316.5 | G10: 8683.48
A18: *
A19: II. Gasto Etiquetado (II=A+B+C+D+E+F+G+H) | B19: =SUM(B20:B27) -> 0 | C19: =SUM(C20:C27) -> 0 | D19: =SUM(D20:D27) -> 0 | E19: =SUM(E20:E27) -> 0 | F19: =SUM(F20:F27) -> 0 | G19: =SUM(G20:G27) -> 0
A28: *
A29: III. Total de Egresos (III = I + II) | B29: =SUM(B19,B9) -> 1400000 | C29: =SUM(C19,C9) -> 175000 | D29: =SUM(D19,D9) -> 1575000 | E29: =SUM(E19,E9) -> 1566316.5 | F29: =SUM(F19,F9) -> 1564316.5 | G29: =SUM(G19,G9) -> 8683.48

Sheet Formato 6 c)
A1: Formato 6 c) Estado Analítico del Ejercicio del Presupuesto de Egresos Detallado -LDF (Clasificación Funcional)
A2: ='Formato 1'!A2 -> COMISION MUNICIPAL DEL DEPORTE DE DR MORA, GTO
A3: Estado Analítico del Ejercicio del Presupueso de Egresos Detallado - LDF
A4: Clasificación Funcional (Finalidad y Función)
A5: ='Formato 3'!A4 -> DEL 1 DE ENERO DEL 2025 AL 31 DE DICIEMBRE DEL 2025
A6: (PESOS)
A7: Concepto (c) | B7: Egresos | G7: Subejercicio (e)
B8: Aprobado (d) | C8: Ampliaciones / (Reducciones) | D8: Modificado | E8: Devengado | F8: Pagado
A9: I. Gasto No Etiquetado (I=A+B+C+D) | B9: =SUM(B10,B19,B27,B37) -> 1400000 | C9: =SUM(C10,C19,C27,C37) -> 175000 | D9: =SUM(D10,D19,D27,D37) -> 1575000 | E9: =SUM(E10,E19,E27,E37) -> 1566316.5 | F9: =SUM(F10,F19,F27,F37) -> 1564316.5 | G9: =SUM(G10,G19,G27,G37) -> 8683.48
A10: A. Gobierno (A=a1+a2+a3+a4+a5+a6+a7+a8) | B10: =SUM(B11:B18) -> 0 | C10: =SUM(C11:C18) -> 0 | D10: =SUM(D11:D18) -> 0 | E10: =SUM(E11:E18) -> 0 | F10: =SUM(F11:F18) -> 0 | G10: =SUM(G11:G18) -> 0
A11: a1) Legislación | B11: 0 | C11: 0 | D11: 0 | E11: 0 | F11: 0 | G11: =D11-E11 -> 0
A12: a2) Justicia | B12: 0 | C12: 0 | D12: 0 | E12: 0 | F12: 0 | G12: =D12-E12 -> 0
A13: a3) Coordinación de la Política de Gobierno | B13: 0 | C13: 0 | D13: 0 | E13: 0 | F13: 0 | G13: =D13-E13 -> 0
A14: a4) Relaciones Exteriores | B14: 0 | C14: 0 | D14: 0 | E14: 0 | F14: 0 | G14: =D14-E14 -> 0
A15: a5) Asuntos Financieros y Hacendarios | B15: 0 | C15: 0 | D15: 0 | E15: 0 | F15: 0 | G15: =D15-E15 -> 0
A16: a6) Seguridad Nacional | B16: 0 | C16: 0 | D16: 0 | E16: 0 | F16: 0 | G16: =D16-E16 -> 0
A17: a7) Asuntos de Orden Público y de Seguridad Interior | B17: 0 | C17: 0 | D17: 0 | E17: 0 | F17: 0 | G17: =D17-E17 -> 0
A18: a8) Otros Servicios Generales | B18: 0 | C18: 0 | D18: 0 | E18: 0 | F18: 0 | G18: =D18-E18 -> 0
A19: B. Desarrollo Social (B=b1+b2+b3+b4+b5+b6+b7) | B19: =SUM(B20:B26) -> 1400000 | C19: =SUM(C20:C26) -> 175000 | D19: =SUM(D20:D26) -> 1575000 | E19: =SUM(E20:E26) -> 1566316.5 | F19: =SUM(F20:F26) -> 1564316.5 | G19: =SUM(G20:G26) -> 8683.48
A20: b1) Protección Ambiental | B20: 0 | C20: 0 | D20: 0 | E20: 0 | F20: 0 | G20: =D20-E20 -> 0
A21: b2) Vivienda y Servicios a la Comunidad | B21: 0 | C21: 0 | D21: 0 | E21: 0 | F21: 0 | G21: =D21-E21 -> 0
A22: b3) Salud | B22: 0 | C22: 0 | D22: 0 | E22: 0 | F22: 0 | G22: =D22-E22 -> 0
A23: b4) Recreación, Cultura y Otras Manifestaciones Sociales | B23: 1400000 | C23: 175000 | D23: 1575000 | E23: 1566316.5 | F23: 1564316.5 | G23: =D23-E23 -> 8683.48
A24: b5) Educación | B24: 0 | C24: 0 | D24: 0 | E24: 0 | F24: 0 | G24: =D24-E24 -> 0
A25: b6) Protección Social | B25: 0 | C25: 0 | D25: 0 | E25: 0 | F25: 0 | G25: =D25-E25 -> 0
A26: b7) Otros Asuntos Sociales | B26: 0 | C26: 0 | D26: 0 | E26: 0 | F26: 0 | G26: =D26-E26 -> 0
A27: C. Desarrollo Económico (C=c1+c2+c3+c4+c5+c6+c7+c8+c9) | B27: =SUM(B28:B36) -> 0 | C27: =SUM(C28:C36) -> 0 | D27: =SUM(D28:D36) -> 0 | E27: =SUM(E28:E36) -> 0 | F27: =SUM(F28:F36) -> 0 | G27: =D27-E27 -> 0
A28: c1) Asuntos Económicos, Comerciales y Laborales en General | B28: 0 | C28: 0 | D28: 0 | E28: 0 | F28: 0 | G28: =D28-E28 -> 0
A29: c2) Agropecuaria, Silvicultura, Pesca y Caza | B29: 0 | C29: 0 | D29: 0 | E29: 0 | F29: 0 | G29: =D29-E29 -> 0
A30: c3) Combustibles y Energía | B30: 0 | C30: 0 | D30: 0 | E30: 0 | F30: 0 | G30: =D30-E30 -> 0
A31: c4) Minería, Manufacturas y Construcción | B31: 0 | C31: 0 | D31: 0 | E31: 0 | F31: 0 | G31: =D31-E31 -> 0
A32: c5) Transporte | B32: 0 | C32: 0 | D32: 0 | E32: 0 | F32: 0 | G32: =D32-E32 -> 0
A33: c6) Comunicaciones | B33: 0 | C33: 0 | D33: 0 | E33: 0 | F33: 0 | G33: =D33-E33 -> 0
A34: c7) Turismo | B34: 0 | C34: 0 | D34: 0 | E34: 0 | F34: 0 | G34: =D34-E34 -> 0
A35: c8) Ciencia, Tecnología e Innovación | B35: 0 | C35: 0 | D35: 0 | E35: 0 | F35: 0 | G35: =D35-E35 -> 0
A36: c9) Otras Industrias y Otros Asuntos Económicos | B36: 0 | C36: 0 | D36: 0 | E36: 0 | F36: 0 | G36: =D36-E36 -> 0
A37: D. Otras No Clasificadas en Funciones Anteriores (D=d1+d2+d3+d4) | B37: =SUM(B38:B41) -> 0 | C37: =SUM(C38:C41) -> 0 | D37: =SUM(D38:D41) -> 0 | E37: =SUM(E38:E41) -> 0 | F37: =SUM(F38:F41) -> 0 | G37: =SUM(G38:G41) -> 0
A38: d1) Transacciones de la Deuda Pública / Costo Financiero de la Deuda | B38: 0 | C38: 0 | D38: 0 | E38: 0 | F38: 0 | G38: =D38-E38 -> 0
A39: d2) Transferencias, Participaciones y Aportaciones Entre Diferentes Niveles y Órdenes de Gobierno | B39: 0 | C39: 0 | D39: 0 | E39: 0 | F39: 0 | G39: =D39-E39 -> 0
A40: d3) Saneamiento del Sistema Financiero | B40: 0 | C40: 0 | D40: 0 | E40: 0 | F40: 0 | G40: =D40-E40 -> 0
A41: d4) Adeudos de Ejercicios Fiscales Anteriores | B41: 0 | C41: 0 | D41: 0 | E41: 0 | F41: 0 | G41: =D41-E41 -> 0
A43: II. Gasto Etiquetado (II=A+B+C+D) | B43: =SUM(B44,B53,B61,B71) -> 0 | C43: =SUM(C44,C53,C61,C71) -> 0 | D43: =SUM(D44,D53,D61,D71) -> 0 | E43: =SUM(E44,E53,E61,E71) -> 0 | F43: =SUM(F44,F53,F61,F71) -> 0 | G43: =SUM(G44,G53,G61,G71) -> 0
A44: A. Gobierno (A=a1+a2+a3+a4+a5+a6+a7+a8) | B44: =SUM(B45:B52) -> 0 | C44: =SUM(C45:C52) -> 0 | D44: =SUM(D45:D52) -> 0 | E44: =SUM(E45:E52) -> 0 | F44: =SUM(F45:F52) -> 0 | G44: =SUM(G45:G52) -> 0
A45: a1) Legislación | B45: 0 | C45: 0 | D45: 0 | E45: 0 | F45: 0 | G45: =D45-E45 -> 0
A46: a2) Justicia | B46: 0 | C46: 0 | D46: 0 | E46: 0 | F46: 0 | G46: =D46-E46 -> 0
A47: a3) Coordinación de la Política de Gobierno | B47: 0 | C47: 0 | D47: 0 | E47: 0 | F47: 0 | G47: =D47-E47 -> 0
A48: a4) Relaciones Exteriores | B48: 0 | C48: 0 | D48: 0 | E48: 0 | F48: 0 | G48: =D48-E48 -> 0
A49: a5) Asuntos Financieros y Hacendarios | B49: 0 | C49: 0 | D49: 0 | E49: 0 | F49: 0 | G49: =D49-E49 -> 0
A50: a6) Seguridad Nacional | B50: 0 | C50: 0 | D50: 0 | E50: 0 | F50: 0 | G50: =D50-E50 -> 0
A51: a7) Asuntos de Orden Público y de Seguridad Interior | B51: 0 | C51: 0 | D51: 0 | E51: 0 | F51: 0 | G51: =D51-E51 -> 0
A52: a8) Otros Servicios Generales | B52: 0 | C52: 0 | D52: 0 | E52: 0 | F52: 0 | G52: =D52-E52 -> 0
A53: B. Desarrollo Social (B=b1+b2+b3+b4+b5+b6+b7) | B53: =SUM(B54:B60) -> 0 | C53: =SUM(C54:C60) -> 0 | D53: =SUM(D54:D60) -> 0 | E53: =SUM(E54:E60) -> 0 | F53: =SUM(F54:F60) -> 0 | G53: =SUM(G54:G60) -> 0
A54: b1) Protección Ambiental | B54: 0 | C54: 0 | D54: 0 | E54: 0 | F54: 0 | G54: =D54-E54 -> 0
A55: b2) Vivienda y Servicios a la Comunidad | B55: 0 | C55: 0 | D55: 0 | E55: 0 | F55: 0 | G55: =D55-E55 -> 0
A56: b3) Salud | B56: 0 | C56: 0 | D56: 0 | E56: 0 | F56: 0 | G56: =D56-E56 -> 0
A57: b4) Recreación, Cultura y Otras Manifestaciones Sociales | B57: 0 | C57: 0 | D57: 0 | E57: 0 | F57: 0 | G57: =D57-E57 -> 0
A58: b5) Educación | B58: 0 | C58: 0 | D58: 0 | E58: 0 | F58: 0 | G58: =D58-E58 -> 0
A59: b6) Protección Social | B59: 0 | C59: 0 | D59: 0 | E59: 0 | F59: 0 | G59: =D59-E59 -> 0
A60: b7) Otros Asuntos Sociales | B60: 0 | C60: 0 | D60: 0 | E60: 0 | F60: 0 | G60: =D60-E60 -> 0
A61: C. Desarrollo Económico (C=c1+c2+c3+c4+c5+c6+c7+c8+c9) | B61: =SUM(B62:B70) -> 0 | C61: =SUM(C62:C70) -> 0 | D61: =SUM(D62:D70) -> 0 | E61: =SUM(E62:E70) -> 0 | F61: =SUM(F62:F70) -> 0 | G61: =SUM(G62:G70) -> 0
A62: c1) Asuntos Económicos, Comerciales y Laborales en General | B62: 0 | C62: 0 | D62: 0 | E62: 0 | F62: 0 | G62: =D62-E62 -> 0
A63: c2) Agropecuaria, Silvicultura, Pesca y Caza | B63: 0 | C63: 0 | D63: 0 | E63: 0 | F63: 0 | G63: =D63-E63 -> 0
A64: c3) Combustibles y Energía | B64: 0 | C64: 0 | D64: 0 | E64: 0 | F64: 0 | G64: =D64-E64 -> 0
A65: c4) Minería, Manufacturas y Construcción | B65: 0 | C65: 0 | D65: 0 | E65: 0 | F65: 0 | G65: =D65-E65 -> 0
A66: c5) Transporte | B66: 0 | C66: 0 | D66: 0 | E66: 0 | F66: 0 | G66: =D66-E66 -> 0
A67: c6) Comunicaciones | B67: 0 | C67: 0 | D67: 0 | E67: 0 | F67: 0 | G67: =D67-E67 -> 0
A68: c7) Turismo | B68: 0 | C68: 0 | D68: 0 | E68: 0 | F68: 0 | G68: =D68-E68 -> 0
A69: c8) Ciencia, Tecnología e Innovación | B69: 0 | C69: 0 | D69: 0 | E69: 0 | F69: 0 | G69: =D69-E69 -> 0
A70: c9) Otras Industrias y Otros Asuntos Económicos | B70: 0 | C70: 0 | D70: 0 | E70: 0 | F70: 0 | G70: =D70-E70 -> 0
A71: D. Otras No Clasificadas en Funciones Anteriores (D=d1+d2+d3+d4) | B71: =SUM(B72:B75) -> 0 | C71: =SUM(C72:C75) -> 0 | D71: =SUM(D72:D75) -> 0 | E71: =SUM(E72:E75) -> 0 | F71: =SUM(F72:F75) -> 0 | G71: =SUM(G72:G75) -> 0
A72: d1) Transacciones de la Deuda Pública / Costo Financiero de la Deuda | B72: 0 | C72: 0 | D72: 0 | E72: 0 | F72: 0 | G72: =D72-E72 -> 0
A73: d2) Transferencias, Participaciones y Aportaciones Entre Diferentes Niveles y Órdenes de Gobierno | B73: 0 | C73: 0 | D73: 0 | E73: 0 | F73: 0 | G73: =D73-E73 -> 0
A74: d3) Saneamiento del Sistema Financiero | B74: 0 | C74: 0 | D74: 0 | E74: 0 | F74: 0 | G74: =D74-E74 -> 0
A75: d4) Adeudos de Ejercicios Fiscales Anteriores | B75: 0 | C75: 0 | D75: 0 | E75: 0 | F75: 0 | G75: =D75-E75 -> 0
A77: III. Total de Egresos (III = I + II) | B77: =B43+B9 -> 1400000 | C77: =C43+C9 -> 175000 | D77: =D43+D9 -> 1575000 | E77: =E43+E9 -> 1566316.5 | F77: =F43+F9 -> 1564316.5 | G77: =G43+G9 -> 8683.48

Sheet Formato 6 d)
A1: Formato 6 d) Estado Analítico del Ejercicio del Presupuesto de Egresos Detallado - LDF (Clasificación de Servicios Personales por Categoría)
A2: ='Formato 1'!A2 -> COMISION MUNICIPAL DEL DEPORTE DE DR MORA, GTO
A3: Estado Analítico del Ejercicio del Presupuesto de Egresos Detallado - LDF
A4: Clasificación de Servicios Personales por Categoría
A5: ='Formato 3'!A4 -> DEL 1 DE ENERO DEL 2025 AL 31 DE DICIEMBRE DEL 2025
A6: (PESOS)
A7: Concepto ( c ) | B7: Egresos | G7: Subejercicio (e)
B8: Aprobado (d) | C8: Ampliaciones / (Reducciones) | D8: Modificado | E8: Devengado | F8: Pagado
A9: I. Gasto No Etiquetado (I=A+B+C+D+E+F) | B9: =SUM(B10,B11,B12,B15,B16,B19) -> 1197879.9 | C9: =SUM(C10,C11,C12,C15,C16,C19) -> -22852.36 | D9: =SUM(D10,D11,D12,D15,D16,D19) -> 1175027.6 | E9: =SUM(E10,E11,E12,E15,E16,E19) -> 1171588.7 | F9: =SUM(F10,F11,F12,F15,F16,F19) -> 1169588.7 | G9: =SUM(G10,G11,G12,G15,G16,G19) -> 3438.88
A10: A. Personal Administrativo y de Servicio Público | B10: 1197879.9 | C10: -22852.36 | D10: 1175027.6 | E10: 1171588.7 | F10: 1169588.7 | G10: =D10-E10 -> 3438.88
A11: B. Magisterio | B11: 0 | C11: 0 | D11: 0 | E11: 0 | F11: 0 | G11: =D11-E11 -> 0
A12: C. Servicios de Salud (C=c1+c2) | B12: =B13+B14 -> 0 | C12: =C13+C14 -> 0 | D12: =D13+D14 -> 0 | E12: =E13+E14 -> 0 | F12: =F13+F14 -> 0 | G12: =G13+G14 -> 0
A13: c1) Personal Administrativo | B13: 0 | C13: 0 | D13: 0 | E13: 0 | F13: 0 | G13: =D13-E13 -> 0
A14: c2) Personal Médico, paramédico y afín | B14: 0 | C14: 0 | D14: 0 | E14: 0 | F14: 0 | G14: =D14-E14 -> 0
A15: D. Seguridad Pública | B15: 0 | C15: 0 | D15: 0 | E15: 0 | F15: 0 | G15: =D15-E15 -> 0
A16: E. Gastos asociados a la implementación de nuevas leyes federales o reformas a las mismas (E=e1+e2) | B16: =B17+B18 -> 0 | C16: =C17+C18 -> 0 | D16: =D17+D18 -> 0 | E16: =E17+E18 -> 0 | F16: =F17+F18 -> 0 | G16: =G17+G18 -> 0
A17: e1) Nombre del Programa o Ley 1 | B17: 0 | C17: 0 | D17: 0 | E17: 0 | F17: 0 | G17: =D17-E17 -> 0
A18: e2) Nombre del Programa o Ley 2 | B18: 0 | C18: 0 | D18: 0 | E18: 0 | F18: 0 | G18: =D18-E18 -> 0
A19: F. Sentencias laborales definitivas | B19: 0 | C19: 0 | D19: 0 | E19: 0 | F19: 0 | G19: =D19-E19 -> 0
A21: II. Gasto Etiquetado (II=A+B+C+D+E+F) | B21: =SUM(B22,B23,B24,B27,B28,B31) -> 0 | C21: =SUM(C22,C23,C24,C27,C28,C31) -> 0 | D21: =SUM(D22,D23,D24,D27,D28,D31) -> 0 | E21: =SUM(E22,E23,E24,E27,E28,E31) -> 0 | F21: =SUM(F22,F23,F24,F27,F28,F31) -> 0 | G21: =SUM(G22,G23,G24,G27,G28,G31) -> 0
A22: A. Personal Administrativo y de Servicio Público | B22: 0 | C22: 0 | D22: 0 | E22: 0 | F22: 0 | G22: =D22-E22 -> 0
A23: B. Magisterio | B23: 0 | C23: 0 | D23: 0 | E23: 0 | F23: 0 | G23: =D23-E23 -> 0
A24: C. Servicios de Salud (C=c1+c2) | B24: =B25+B26 -> 0 | C24: =C25+C26 -> 0 | D24: =D25+D26 -> 0 | E24: =E25+E26 -> 0 | F24: =F25+F26 -> 0 | G24: =G25+G26 -> 0
A25: c1) Personal Administrativo | B25: 0 | C25: 0 | D25: 0 | E25: 0 | F25: 0 | G25: =D25-E25 -> 0
A26: c2) Personal Médico, paramédico y afín | B26: 0 | C26: 0 | D26: 0 | E26: 0 | F26: 0 | G26: =D26-E26 -> 0
A27: D. Seguridad Pública | B27: 0 | C27: 0 | D27: 0 | E27: 0 | F27: 0 | G27: =D27-E27 -> 0
A28: E. Gastos asociados a la implementación de nuevas leyes federales o reformas a las mismas (E=e1+e2) | B28: =B29+B30 -> 0 | C28: =C29+C30 -> 0 | D28: =D29+D30 -> 0 | E28: =E29+E30 -> 0 | F28: =F29+F30 -> 0 | G28: =G29+G30 -> 0
A29: e1) Nombre del Programa o Ley 1 | B29: 0 | C29: 0 | D29: 0 | E29: 0 | F29: 0 | G29: =D29-E29 -> 0
A30: e2) Nombre del Programa o Ley 2 | B30: 0 | C30: 0 | D30: 0 | E30: 0 | F30: 0 | G30: =D30-E30 -> 0
A31: F. Sentencias laborales definitivas | B31: 0 | C31: 0 | D31: 0 | E31: 0 | F31: 0 | G31: =D31-E31 -> 0
A33: III. Total del Gasto en Servicios Personales (III = I + II) | B33: =B21+B9 -> 1197879.9 | C33: =C21+C9 -> -22852.36 | D33: =D21+D9 -> 1175027.6 | E33: =E21+E9 -> 1171588.7 | F33: =F21+F9 -> 1169588.7 | G33: =G21+G9 -> 3438.88

Sheet Formato 7 a)
A1: Formato 7 a) Proyecciones de Ingresos - LDF
A2: ='Formato 1'!A2 -> COMISION MUNICIPAL DEL DEPORTE DE DR MORA, GTO
A3: Proyecciones de Ingresos - LDF
A4: (PESOS)
A5: (CIFRAS NOMINALES)
A6: Concepto ( b ) | B6: 2025 Año en Cuestión (de proyecto de presupuesto) (c) | C6: 2026 | D6: 2027 | E6: 2028 | F6: 2029 | G6: 2030
A7: 1. Ingresos de Libre Disposición (1=A+B+C+D+E+F+G+H+I+J+K+L) | B7: =SUM(B8:B19) -> 1400000 | C7: =SUM(C8:C19) -> 1470000 | D7: =SUM(D8:D19) -> 1543500 | E7: =SUM(E8:E19) -> 1620675 | F7: =SUM(F8:F19) -> 1701708.8 | G7: =SUM(G8:G19) -> 1786794.2
A8: A. Impuestos | B8: 0 | C8: 0 | D8: 0 | E8: 0 | F8: 0 | G8: 0
A9: B. Cuotas y Aportaciones de Seguridad Social | B9: 0 | C9: 0 | D9: 0 | E9: 0 | F9: 0 | G9: 0
A10: C. Contribuciones de Mejoras | B10: 0 | C10: 0 | D10: 0 | E10: 0 | F10: 0 | G10: 0
A11: D. Derechos | B11: 0 | C11: 0 | D11: 0 | E11: 0 | F11: 0 | G11: 0
A12: E. Productos | B12: 0 | C12: 0 | D12: 0 | E12: 0 | F12: 0 | G12: 0
A13: F. Aprovechamientos | B13: 0 | C13: 0 | D13: 0 | E13: 0 | F13: 0 | G13: 0
A14: G. Ingresos por ventas de Bienes y Prestación de Servicios | B14: 0 | C14: 0 | D14: 0 | E14: 0 | F14: 0 | G14: 0
A15: H. Participaciones | B15: 0 | C15: 0 | D15: 0 | E15: 0 | F15: 0 | G15: 0
A16: I. Incentivos Derivados de la Colaboración Fiscal | B16: 0 | C16: 0 | D16: 0 | E16: 0 | F16: 0 | G16: 0
A17: J. Transferencias y Asignaciones | B17: 1400000 | C17: 1470000 | D17: 1543500 | E17: 1620675 | F17: 1701708.8 | G17: 1786794.2
A18: K. Convenios | B18: 0 | C18: 0 | D18: 0 | E18: 0 | F18: 0 | G18: 0
A19: L. Otros Ingresos de Libre Disposición | B19: 0 | C19: 0 | D19: 0 | E19: 0 | F19: 0 | G19: 0
A21: 2. Transferencias Federales Etiquetadas (2=A+B+C+D+E) | B21: =SUM(B22:B26) -> 0 | C21: =SUM(C22:C26) -> 0 | D21: =SUM(D22:D26) -> 0 | E21: =SUM(E22:E26) -> 0 | F21: =SUM(F22:F26) -> 0 | G21: =SUM(G22:G26) -> 0
A22: A. Aportaciones | B22: 0 | C22: 0 | D22: 0 | E22: 0 | F22: 0 | G22: 0
A23: B. Convenios | B23: 0 | C23: 0 | D23: 0 | E23: 0 | F23: 0 | G23: 0
A24: C. Fondos Distintos de Aportaciones | B24: 0 | C24: 0 | D24: 0 | E24: 0 | F24: 0 | G24: 0
A25: D. Transferencias, Asignaciones, Subsidios y Subvenciones, y Pensiones y Jubilaciones | B25: 0 | C25: 0 | D25: 0 | E25: 0 | F25: 0 | G25: 0
A26: E. Otras Transferencias Federales Etiquetadas | B26: 0 | C26: 0 | D26: 0 | E26: 0 | F26: 0 | G26: 0
A28: 3. Ingresos Derivados de Financiamientos (3=A) | B28: =B29 -> 0 | C28: =C29 -> 0 | D28: =D29 -> 0 | E28: =E29 -> 0 | F28: =F29 -> 0 | G28: =G29 -> 0
A29: A. Ingresos Derivados de Financiamientos | B29: 0 | C29: 0 | D29: 0 | E29: 0 | F29: 0 | G29: 0
A31: 4. Total de Ingresos Proyectados (4=1+2+3) | B31: =B28+B21+B7 -> 1400000 | C31: =C28+C21+C7 -> 1470000 | D31: =D28+D21+D7 -> 1543500 | E31: =E28+E21+E7 -> 1620675 | F31: =F28+F21+F7 -> 1701708.8 | G31: =G28+G21+G7 -> 1786794.2
A33: Datos Informativos
A34: 1. Ingresos Derivados de Financiamientos con Fuente de Pago de Recursos de Libre Disposición | B34: 0 | C34: 0 | D34: 0 | E34: 0 | F34: 0 | G34: 0
A35: 2. Ingresos Derivados de Financiamientos con Fuente de Pago de Transferencias Federales Etiquetadas | B35: 0 | C35: 0 | D35: 0 | E35: 0 | F35: 0 | G35: 0
A36: 3. Ingresos Derivados de Financiamientos (3= 1 + 2) | B36: =B35+B34 -> 0 | C36: =C35+C34 -> 0 | D36: =D35+D34 -> 0 | E36: =E35+E34 -> 0 | F36: =F35+F34 -> 0 | G36: =G35+G34 -> 0

Sheet Formato 7 b)
A1: Formato 7 b) Proyecciones de Egresos - LDF
A2: ='Formato 1'!A2 -> COMISION MUNICIPAL DEL DEPORTE DE DR MORA, GTO
A3: Proyecciones de Egresos - LDF
A4: (PESOS)
A5: (CIFRAS NOMINALES)
A6: Concepto ( b ) | B6: 2025 Año en Cuestión (de proyecto de presupuesto) (c) | C6: 2026 | D6: 2027 | E6: 2028 | F6: 2029 | G6: 2030
A7: 1. Gasto No Etiquetado (1=A+B+C+D+E+F+G+H+I) | B7: =SUM(B8:B16) -> 1400000 | C7: =SUM(C8:C16) -> 1470000 | D7: =SUM(D8:D16) -> 1543500 | E7: =SUM(E8:E16) -> 1620675 | F7: =SUM(F8:F16) -> 1701708.8 | G7: =SUM(G8:G16) -> 1786794.2
A8: A. Servicios Personales | B8: 1197879.9 | C8: 1257773.9 | D8: 1320662.6 | E8: 1386695.7 | F8: 1456030.5 | G8: 1528832.1
A9: B. Materiales y Suministros | B9: 126620.08 | C9: 132951.08 | D9: 139598.64 | E9: 146578.57 | F9: 153907.5 | G9: 161602.87
A10: C. Servicios Generales | B10: 66500 | C10: 69825 | D10: 73316.25 | E10: 76982.062 | F10: 80831.166 | G10: 84872.724
A11: D. Transferencias, Asignaciones, Subsidios y Otras Ayudas | B11: 0 | C11: 0 | D11: 0 | E11: 0 | F11: 0 | G11: 0
A12: E. Bienes Muebles, Inmuebles e Intangibles | B12: 9000 | C12: 9450 | D12: 9922.5 | E12: 10418.625 | F12: 10939.556 | G12: 11486.534
A13: F. Inversión Pública | B13: 0 | C13: 0 | D13: 0 | E13: 0 | F13: 0 | G13: 0
A14: G. Inversiones Financieras y Otras Provisiones | B14: 0 | C14: 0 | D14: 0 | E14: 0 | F14: 0 | G14: 0
A15: H. Participaciones y Aportaciones | B15: 0 | C15: 0 | D15: 0 | E15: 0 | F15: 0 | G15: 0
A16: I. Deuda Pública | B16: 0 | C16: 0 | D16: 0 | E16: 0 | F16: 0 | G16: 0
A18: 2. Gasto Etiquetado (2=A+B+C+D+E+F+G+H+I) | B18: =SUM(B19:B27) -> 0 | C18: =SUM(C19:C27) -> 0 | D18: =SUM(D19:D27) -> 0 | E18: =SUM(E19:E27) -> 0 | F18: =SUM(F19:F27) -> 0 | G18: =SUM(G19:G27) -> 0
A19: A. Servicios Personales | B19: 0 | C19: 0 | D19: 0 | E19: 0 | F19: 0 | G19: 0
A20: B. Materiales y Suministros | B20: 0 | C20: 0 | D20: 0 | E20: 0 | F20: 0 | G20: 0
A21: C. Servicios Generales | B21: 0 | C21: 0 | D21: 0 | E21: 0 | F21: 0 | G21: 0
A22: D. Transferencias, Asignaciones, Subsidios y Otras Ayudas | B22: 0 | C22: 0 | D22: 0 | E22: 0 | F22: 0 | G22: 0
A23: E. Bienes Muebles, Inmuebles e Intangibles | B23: 0 | C23: 0 | D23: 0 | E23: 0 | F23: 0 | G23: 0
A24: F. Inversión Pública | B24: 0 | C24: 0 | D24: 0 | E24: 0 | F24: 0 | G24: 0
A25: G. Inversiones Financieras y Otras Provisiones | B25: 0 | C25: 0 | D25: 0 | E25: 0 | F25: 0 | G25: 0
A26: H. Participaciones y Aportaciones | B26: 0 | C26: 0 | D26: 0 | E26: 0 | F26: 0 | G26: 0
A27: I. Deuda Pública | B27: 0 | C27: 0 | D27: 0 | E27: 0 | F27: 0 | G27: 0
A29: 3. Total de Egresos Proyectados (3 = 1 + 2) | B29: =B7+B18 -> 1400000 | C29: =C7+C18 -> 1470000 | D29: =D7+D18 -> 1543500 | E29: =E7+E18 -> 1620675 | F29: =F7+F18 -> 1701708.8 | G29: =G7+G18 -> 1786794.2

Sheet Formato 7 c)
A1: Formato 7 c) Resultados de Ingresos - LDF
A2: ='Formato 1'!A2 -> COMISION MUNICIPAL DEL DEPORTE DE DR MORA, GTO
A3: Resultados de Ingresos - LDF
A4: (PESOS)
A5: Concepto (b) | B5: 2020 | C5: 2021 | D5: 2022 | E5: 2023 | F5: 2024 | G5: 2025 Año del Ejercicio Vigente 2 (d)
A6: 1. Ingresos de Libre Disposición (1=A+B+C+D+E+F+G+H+I+J+K+L) | B6: =SUM(B8:B18) -> 0 | C6: =SUM(C7:C18) -> 0 | D6: =SUM(D7:D18) -> 0 | E6: =SUM(E7:E18) -> 0 | F6: =SUM(F7:F18) -> 0 | G6: =SUM(G7:G18) -> 1575020.2
A7: A. Impuestos | B7: 0 | C7: 0 | D7: 0 | E7: 0 | F7: 0 | G7: 0
A8: B. Cuotas y Aportaciones de Seguridad Social | B8: 0 | C8: 0 | D8: 0 | E8: 0 | F8: 0 | G8: 0
A9: C. Contribuciones de Mejoras | B9: 0 | C9: 0 | D9: 0 | E9: 0 | F9: 0 | G9: 0
A10: D. Derechos | B10: 0 | C10: 0 | D10: 0 | E10: 0 | F10: 0 | G10: 0
A11: E. Productos | B11: 0 | C11: 0 | D11: 0 | E11: 0 | F11: 0 | G11: 20.27
A12: F. Aprovechamientos | B12: 0 | C12: 0 | D12: 0 | E12: 0 | F12: 0 | G12: 0
A13: G. Ingresos por Venta de Bienes y Prestación de Servicios | B13: 0 | C13: 0 | D13: 0 | E13: 0 | F13: 0 | G13: 0
A14: H. Participaciones | B14: 0 | C14: 0 | D14: 0 | E14: 0 | F14: 0 | G14: 0
A15: I. Incentivos Derivados de la Colaboración Fiscal | B15: 0 | C15: 0 | D15: 0 | E15: 0 | F15: 0 | G15: 0
A16: J. Transferencias y Asignaciones | B16: 0 | C16: 0 | D16: 0 | E16: 0 | F16: 0 | G16: 1574999.9
A17: K. Convenios | B17: 0 | C17: 0 | D17: 0 | E17: 0 | F17: 0 | G17: 0
A18: L. Otros Ingresos de Libre Disposición | B18: 0 | C18: 0 | D18: 0 | E18: 0 | F18: 0 | G18: 0
A20: 2. Transferencias Federales Etiquetadas (2=A+B+C+D+E) | B20: =SUM(B21:B25) -> 0 | C20: =SUM(C21:C25) -> 0 | D20: =SUM(D21:D25) -> 0 | E20: =SUM(E21:E25) -> 0 | F20: =SUM(F21:F25) -> 0 | G20: =SUM(G21:G25) -> 0
A21: A. Aportaciones | B21: 0 | C21: 0 | D21: 0 | E21: 0 | F21: 0 | G21: 0
A22: B. Convenios | B22: 0 | C22: 0 | D22: 0 | E22: 0 | F22: 0 | G22: 0
A23: C. Fondos Distintos de Aportaciones | B23: 0 | C23: 0 | D23: 0 | E23: 0 | F23: 0 | G23: 0
A24: D. Transferencias, Asignaciones, Subsidios y Subvenciones, y Pensiones y Jubilaciones | B24: 0 | C24: 0 | D24: 0 | E24: 0 | F24: 0 | G24: 0
A25: E. Otras Transferencias Federales Etiquetadas | B25: 0 | C25: 0 | D25: 0 | E25: 0 | F25: 0 | G25: 0
A27: 3. Ingresos Derivados de Financiamientos (3=A) | B27: =B28 -> 0 | C27: =C28 -> 0 | D27: =D28 -> 0 | E27: =E28 -> 0 | F27: =F28 -> 0 | G27: =G28 -> 0
A28: A. Ingresos Derivados de Financiamientos | B28: 0 | C28: 0 | D28: 0 | E28: 0 | F28: 0 | G28: 0
A30: 4. Total de Resultados de Ingresos (4=1+2+3) | B30: =B6+B20+B27 -> 0 | C30: =C6+C20+C27 -> 0 | D30: =D6+D20+D27 -> 0 | E30: =E6+E20+E27 -> 0 | F30: =F6+F20+F27 -> 0 | G30: =G6+G20+G27 -> 1575020.2
A32: Datos Informativos
A33: 1. Ingresos Derivados de Financiamientos con Fuente de Pago de Recursos de Libre Disposición | B33: 0 | C33: 0 | D33: 0 | E33: 0 | F33: 0 | G33: 0
A34: 2. Ingresos derivados de Financiamientos con Fuente de Pago de Transferencias Federales Etiquetadas | B34: 0 | C34: 0 | D34: 0 | E34: 0 | F34: 0 | G34: 0
A35: 3. Ingresos Derivados de Financiamiento (3 = 1 + 2) | B35: =B33+B34 -> 0 | C35: =C33+C34 -> 0 | D35: =D33+D34 -> 0 | E35: =E33+E34 -> 0 | F35: =F33+F34 -> 0 | G35: =G33+G34 -> 0
A38: 1 Los importes corresponden al momento contable de los ingresos devengados.
A39: 2 Los importes corresponden a los ingresos devengados al cierre trimestral más reciente disponible y estimados para el resto del ejercicio.

Sheet Formato 7 d)
A1: Formato 7 d) Resultados de Egresos - LDF
A2: ='Formato 1'!A2 -> COMISION MUNICIPAL DEL DEPORTE DE DR MORA, GTO
A3: Resultados de Egresos - LDF
A4: (PESOS)
A5: Concepto (b) | B5: 2020 | C5: 2021 | D5: 2022 | E5: 2023 | F5: 2024 | G5: 2025 Año del Ejercicio Vigente 2 (d)
A6: 1. Gasto No Etiquetado (1=A+B+C+D+E+F+G+H+I) | B6: =SUM(B7:B15) -> 0 | C6: =SUM(C7:C15) -> 0 | D6: =SUM(D7:D15) -> 0 | E6: =SUM(E7:E15) -> 0 | F6: =SUM(F7:F15) -> 0 | G6: =SUM(G7:G15) -> 1566316.5
A7: A. Servicios Personales | B7: 0 | C7: 0 | D7: 0 | E7: 0 | F7: 0 | G7: 1171588.7
A8: B. Materiales y Suministros | B8: 0 | C8: 0 | D8: 0 | E8: 0 | F8: 0 | G8: 205331.64
A9: C. Servicios Generales | B9: 0 | C9: 0 | D9: 0 | E9: 0 | F9: 0 | G9: 170899.07
A10: D. Transferencias, Asignaciones, Subsidios y Otras Ayudas | B10: 0 | C10: 0 | D10: 0 | E10: 0 | F10: 0 | G10: 0
A11: E. Bienes Muebles, Inmuebles e Intangibles | B11: 0 | C11: 0 | D11: 0 | E11: 0 | F11: 0 | G11: 18497.13
A12: F. Inversión Pública | B12: 0 | C12: 0 | D12: 0 | E12: 0 | F12: 0 | G12: 0
A13: G. Inversiones Financieras y Otras Provisiones | B13: 0 | C13: 0 | D13: 0 | E13: 0 | F13: 0 | G13: 0
A14: H. Participaciones y Aportaciones | B14: 0 | C14: 0 | D14: 0 | E14: 0 | F14: 0 | G14: 0
A15: I. Deuda Pública | B15: 0 | C15: 0 | D15: 0 | E15: 0 | F15: 0 | G15: 0
A17: 2. Gasto Etiquetado (2=A+B+C+D+E+F+G+H+I) | B17: =SUM(B18:B26) -> 0 | C17: =SUM(C18:C26) -> 0 | D17: =SUM(D18:D26) -> 0 | E17: =SUM(E18:E26) -> 0 | F17: =SUM(F18:F26) -> 0 | G17: =SUM(G18:G26) -> 0
A18: A. Servicios Personales | B18: 0 | C18: 0 | D18: 0 | E18: 0 | F18: 0 | G18: 0
A19: B. Materiales y Suministros | B19: 0 | C19: 0 | D19: 0 | E19: 0 | F19: 0 | G19: 0
A20: C. Servicios Generales | B20: 0 | C20: 0 | D20: 0 | E20: 0 | F20: 0 | G20: 0
A21: D. Transferencias, Asignaciones, Subsidios y Otras Ayudas | B21: 0 | C21: 0 | D21: 0 | E21: 0 | F21: 0 | G21: 0
A22: E. Bienes Muebles, Inmuebles e Intangibles | B22: 0 | C22: 0 | D22: 0 | E22: 0 | F22: 0 | G22: 0
A23: F. Inversión Pública | B23: 0 | C23: 0 | D23: 0 | E23: 0 | F23: 0 | G23: 0
A24: G. Inversiones Financieras y Otras Provisiones | B24: 0 | C24: 0 | D24: 0 | E24: 0 | F24: 0 | G24: 0
A25: H. Participaciones y Aportaciones | B25: 0 | C25: 0 | D25: 0 | E25: 0 | F25: 0 | G25: 0
A26: I. Deuda Pública | B26: 0 | C26: 0 | D26: 0 | E26: 0 | F26: 0 | G26: 0
A28: 3. Total del Resultado de Egresos (3=1+2) | B28: =B6+B17 -> 0 | C28: =C6+C17 -> 0 | D28: =D6+D17 -> 0 | E28: =E6+E17 -> 0 | F28: =F6+F17 -> 0 | G28: =G6+G17 -> 1566316.5
A31: 1 Los importes corresponden al momento contable de los ingresos devengados.
A32: 2 Los importes corresponden a los ingresos devengados al cierre trimestral más reciente disponible y estimados para el resto del ejercicio.

Sheet Formato 8
A1: Formato 8) Informe sobre Estudios Actuariales – LDF
A2: ='[2]Formato 1'!A2 -> NOMBRE DEL ENTE PÚBLICO (a)
A3: Informe sobre Estudios Actuariales - LDF
A4: Concepto (b) | B4: Pensiones y jubilaciones | C4: Salud | D4: Riesgos de trabajo | E4: Invalidez y vida | F4: Otras prestaciones sociales
A5: Tipo de Sistema
A6: Prestación laboral o Fondo general para trabajadores del estado o municipio
A7: Beneficio definido, Contribución definida o Mixto
A9: Población afiliada
A10: Activos
A11: Edad máxima
A12: Edad mínima
A13: Edad promedio
A14: Pensionados y Jubilados
A15: Edad máxima
A16: Edad mínima
A17: Edad promedio
... A66: Empresa que elaboró el estudio actuarial
